Cogmind - Beta 14 @@@ ROGUE MODE // 2025.01.07 @ 09:53:53 Player: Dosh Result: Establishing 0b11! Performance ------------- Evolutions (9) 4500 Regions Visited (46) 9200 Robots Destroyed (713) 3565 Value Destroyed (46337) 46337 Prototype IDs (311) 6220 Alien Tech Used (6) 1200 Bonus (44716) 44716 TOTAL SCORE: 115738 Bonus ------- High Alert Combat Kills 2368 Follower Combat Kills 15206 Entered Garrisons 2800 Used RIF Installer 8000 Aligned with FarCom 300 Scanned by Researcher 500 Pursued by Intercept 1000 Destroyed MAIN.C Guards 500 Met MAIN.C 5000 Destroyed MAIN.C Shell 5000 Destroyed MAIN.C 10000 Win 3000 Friendly Fire -8958 Cogmind --------- Core Integrity 809/1600 Matter 240/300 Energy 926/950 System Corruption 3% Temperature Cool (12) Movement Treading (135) Location 0b11 Command Parts ------- > --- POWER (3) -------- Reinforced Quantum Reactor Vortex Chain Reactor > --- PROPULSION (6) --- Experimental Biometal Heavy Treads Experimental Biometal Heavy Treads Experimental Biometal Heavy Treads > --- UTILITY (14) ----- Advanced Power Amplifier Huge Storage Unit Advanced Targeting Computer Advanced Target Analyzer Quantum Capacitor Improved Cloaking Device SHELL Armor Improved Focal Shield (fused) Relay Coupler [NC] (6) Relay Coupler [Proto] (1) Improved System Guard > --- WEAPON (2) ------- Null Cannon > --- INVENTORY (29) --- Quantum Reactor Light Quantum Reactor Reinforced Quantum Reactor Experimental Biometal Heavy Treads Experimental Biometal Heavy Treads Advanced Heavy Siege Treads Experimental Matter Compressor (500) Advanced Phase Shifter Relay Coupler [NC] (45) Relay Coupler [NC] (39) Relay Coupler [Sentry] (37) Relay Coupler [Sentry] (37) Relay Coupler [Specialist] (29) Experimental System Purifier Subatomic Replicator Spacefold Activator Microwarp Drive Cooled Nova Cannon Multirail Heavy Linear Accelerator Hellfire Missile Launcher Advanced Datajack Advanced Remote Datajack Peak State ------------ > --- POWER ------------ Quantum Reactor Reinforced Quantum Reactor Reinforced Quantum Reactor > --- PROPULSION ------- Experimental Biometal Heavy Treads Experimental Biometal Heavy Treads Experimental Biometal Heavy Treads > --- UTILITY ---------- Huge Storage Unit Advanced Targeting Computer Advanced Target Analyzer Advanced Phase Shifter Improved Cloaking Device SHELL Armor Relay Coupler [NC] Relay Coupler [Sentry] Relay Coupler [Proto] Relay Coupler [Proto] Microwarp Drive > --- WEAPON ----------- Cooled Nova Cannon Advanced Datajack > --- INVENTORY -------- Quantum Reactor Light Quantum Reactor Experimental Biometal Heavy Treads Advanced Heavy Siege Treads Advanced Power Amplifier Experimental Matter Compressor Quantum Capacitor Improved Utility Shielding Improved Focal Shield Relay Coupler [NC] Relay Coupler [NC] Relay Coupler [Sentry] Relay Coupler [Sentry] Relay Coupler [Specialist] Improved System Guard Integrity Redistributor Subatomic Replicator Spacefold Activator Null Cannon Multirail Heavy Linear Accelerator Hellfire Missile Launcher Advanced Remote Datajack [Rating: 236] Favorites ----------- Power Quantum Reactor Engine Cooled Ion Engine Power Core Light Nuclear Core Reactor Quantum Reactor Propulsion Experimental Biometal Heavy Treads Treads Experimental Biometal Heavy Treads Leg Improved Aluminum Leg Wheel Armored Huge Wheel Utility Huge Storage Unit Device Advanced Cooling System Storage Huge Storage Unit Processor Advanced Targeting Computer Hackware Relay Coupler [Grunt] Protection SHELL Armor Artifact Phase Redirector Weapon Advanced Remote Datajack Energy Gun Small Laser Energy Cannon Enhanced Nova Cannon Ballistic Gun Improved Assault Rifle Ballistic Cannon Heavy Linear Accelerator Launcher Heavy Missile Launcher Special Weapon Advanced Remote Datajack Impact Weapon Heavy Flail Special Melee Weapon Advanced Datajack Build | -11 -10 -10 -9 -9 -9 -8 -8 -8 -8 -7 -7 -7 -7 -7 -7 -7 -7 -6 -6 -6 -6 -6 -6 -5 -5 -5 -5 -4 -4 -4 -4 -3 -3 -3 -3 -3 -2 -2 -2 -2 -2 -2 -1 -1 -1 -1 ------- Run | Yrd Mat Min Mat Min Exi Min Mat Gar Sto Fac Was Fac Gar Fac Gar Fac Gar Fac Was Fac Gar Fac Gar Fac Was Fac Gar Fac Gar Fac Gar Res Gar Res Qua Gar Res Gar Res Tes Sec Gar Acc Gar Acc Com Slots Evolved 18 | . . . 2 . . . 2 . . 2 . . . . . . . 2 . . . . . 2 . . . 2 . . . 2 . . . . 2 . . . . . 2 . . . Power 2 | . . . . . . . . . . . . . . . . . . . . . . . . 1 . . . . . . . . . . . . 1 . . . . . . . . . Propulsion 4 | . . . 1 . . . . . . 1 . . . . . . . . . . . . . . . . . . . . . 1 . . . . . . . . . . 1 . . . Utility 12 | . . . 1 . . . 2 . . 1 . . . . . . . 2 . . . . . 1 . . . 2 . . . 1 . . . . 1 . . . . . 1 . . . Weapon . | . . . . . . . . . . . . . . . . . . . . . . . . . . . . . . . . . . . . . . . . . . . . . . . Parts Attached 736 | 6 12 4 32 4 1 7 25 11 26 11 4 29 21 15 25 2 17 5 1 1 14 2 19 12 . 19 36 11 24 5 26 1 24 19 14 22 20 20 24 23 32 15 4 8 16 67 Power 63 | 1 3 1 3 . . . 2 1 4 . 1 1 2 . . . 2 . . . 2 . 1 1 . . 3 . . . 5 . . 2 . 5 5 . 3 . . 1 . . 4 10 Engine 20 | 1 2 1 3 . . . 2 1 4 . 1 1 1 . . . . . . . . . . . . . 2 . . . 1 . . . . . . . . . . . . . . . Core 4 | . 1 . . . . . . . . . . . . . . . 1 . . . . . . . . . 1 . . . 1 . . . . . . . . . . . . . . . Reactor 39 | . . . . . . . . . . . . . 1 . . . 1 . . . 2 . 1 1 . . . . . . 3 . . 2 . 5 5 . 3 . . 1 . . 4 10 Propulsion 92 | 2 2 . 11 . . 2 8 . 7 5 . 3 3 . 6 . . . . . . . 2 . . 2 3 . . . 3 1 1 2 4 2 5 . 4 5 3 2 1 . . 3 Treads 81 | 2 2 . 8 . . 2 8 . 7 1 . . 2 . 6 . . . . . . . 2 . . 2 3 . . . 3 1 1 2 4 2 5 . 4 5 3 2 1 . . 3 Leg 3 | . . . 3 . . . . . . . . . . . . . . . . . . . . . . . . . . . . . . . . . . . . . . . . . . . Wheel 8 | . . . . . . . . . . 4 . 3 1 . . . . . . . . . . . . . . . . . . . . . . . . . . . . . . . . . Hover . | . . . . . . . . . . . . . . . . . . . . . . . . . . . . . . . . . . . . . . . . . . . . . . . Flight . | . . . . . . . . . . . . . . . . . . . . . . . . . . . . . . . . . . . . . . . . . . . . . . . Utility 352 | 1 1 . 5 . 1 2 8 2 5 5 2 17 5 7 8 . 8 4 . 1 8 2 13 5 . 11 24 8 14 2 12 . 16 15 9 11 9 16 13 10 18 6 2 5 5 36 Device 165 | . . . 1 . . 1 3 . 2 4 2 9 1 4 4 . 3 3 . . 3 1 5 3 . 3 10 1 6 . 5 . 4 7 4 5 7 8 7 6 8 3 2 2 4 24 Storage 8 | 1 1 . . . 1 . . . . . . 2 1 . . . . . . . . . . . . . . . . . . . 1 . . . . . 1 . . . . . . . Processor 17 | . . . 1 . . . . . . 1 . 1 1 . . . . . . . . . . . . . 1 . . . . . . 2 2 . . . . 2 2 . . . . 4 Hackware 101 | . . . . . . . . 1 . . . . . 3 2 . 4 1 . 1 4 1 6 2 . 5 8 4 6 2 6 . 10 6 3 5 2 6 3 . 2 3 . 3 . 2 Protection 51 | . . . 3 . . 1 5 1 3 . . 5 2 . 2 . 1 . . . 1 . 2 . . 3 5 3 2 . 1 . 1 . . 1 . . 2 1 2 . . . . 4 Artifact 10 | . . . . . . . . . . . . . . . . . . . . . . . . . . . . . . . . . . . . . . 2 . 1 4 . . . 1 2 Weapon 229 | 2 6 3 13 4 . 3 7 8 10 1 1 8 11 8 11 2 7 1 1 . 4 . 3 6 . 6 6 3 10 3 6 . 7 . 1 4 1 4 4 8 11 6 1 3 7 18 Energy Gun 10 | 2 4 . . . . . . . . . . 3 . 1 . . . . . . . . . . . . . . . . . . . . . . . . . . . . . . . . Energy Cannon 74 | . . . 5 2 . . . . . . . . . . . . . . . . 1 . 1 2 . 3 2 1 5 1 3 . 2 . . 3 1 2 3 3 9 6 1 1 5 12 Ballistic Gun 45 | . 1 3 5 . . 2 6 4 5 . 1 4 9 2 3 . . . . . . . . . . . . . . . . . . . . . . . . . . . . . . . Ballistic Cannon 18 | . . . . . . . . . 2 . . . 1 1 4 1 4 . 1 . 1 . . . . . 1 . . . . . . . . . . . . . . . . . . 2 Launcher 26 | . . . 3 2 . 1 1 . 1 . . 1 1 . 2 1 . . . . . . 1 1 . 1 . . 4 . 1 . 2 . . . . 1 . 1 1 . . . . . Special Weapon 47 | . . . . . . . . . . . . . . 4 2 . 3 1 . . 2 . 1 3 . 2 3 2 1 2 2 . 3 . 1 1 . 1 1 4 1 . . 2 2 3 Impact Weapon 7 | . . . . . . . . 4 2 1 . . . . . . . . . . . . . . . . . . . . . . . . . . . . . . . . . . . . Slashing Weapon . | . . . . . . . . . . . . . . . . . . . . . . . . . . . . . . . . . . . . . . . . . . . . . . . Piercing Weapon . | . . . . . . . . . . . . . . . . . . . . . . . . . . . . . . . . . . . . . . . . . . . . . . . Special Melee Weapon 2 | . 1 . . . . . . . . . . . . . . . . . . . . . . . . . . . . . . . . . . . . . . . . . . . . 1 Unidentified Prototypes 19 | . . . 2 . . . . . . . . 1 . . . . . . . . . . . . . . . . . . . . . 2 1 . 1 2 . 4 6 . . . . . Parts Lost 94 | . 3 4 3 1 . 2 3 . 13 . 4 3 3 1 3 . . . . . . . 2 . . 4 2 . 2 1 5 . 4 1 4 3 . 3 . 2 2 2 . 1 2 11 Power 12 | . 1 1 . . . . 1 . 1 . 2 . . . . . . . . . . . . . . . 2 . . . . . . . . . . . . . . 1 . . 1 2 Propulsion 18 | . . 1 1 . . 1 . . 7 . . 1 1 . 1 . . . . . . . . . . 1 . . . . 1 . . . 1 1 . . . . . 1 . . . . Utility 53 | . . . 1 1 . 1 2 . 4 . 2 2 1 1 2 . . . . . . . 2 . . 3 . . 2 1 3 . 4 1 3 1 . 3 . 2 2 . . . 1 8 Weapon 11 | . 2 2 1 . . . . . 1 . . . 1 . . . . . . . . . . . . . . . . . 1 . . . . 1 . . . . . . . 1 . 1 Highest Loss Streak 3 | . 3 2 2 1 . 1 1 . 3 . 3 3 3 1 2 . . . . . . . 1 . . 1 1 . 2 1 2 . 2 1 2 1 . 2 . 2 1 2 . 1 1 3 To Critical Strikes 2 | . . . . . . . . . . . 1 . . . . . . . . . . . . . . . . . . . 1 . . . . . . . . . . . . . . . Average Slot Usage (%) 82 | . 94 98 94 91 97 99 95 90 85 76 73 82 76 79 76 73 67 59 73 78 82 84 82 82 82 85 84 86 79 74 83 78 81 82 83 78 85 85 85 85 79 77 75 75 75 74 Engine 2 | . 8 1 11 11 11 11 9 9 8 7 4 6 2 . . . . . . . . . . . . . 2 5 5 4 . . . . . . . . . . . . . . . . Reactor 7 | . . . . . . . . . . . . . 4 7 7 7 6 6 6 6 6 6 6 11 11 11 6 5 5 5 9 9 9 9 9 9 12 13 13 13 13 13 12 12 11 11 Treads 15 | . 27 26 25 33 33 32 27 27 25 15 . . 5 15 22 15 15 13 13 13 13 13 13 11 11 10 10 10 10 10 10 12 13 14 14 10 12 13 12 13 13 13 11 12 12 11 Device 12 | . . . 9 3 . 2 16 15 5 11 24 16 7 4 5 7 6 6 20 20 20 18 13 9 5 9 12 15 19 21 20 19 19 19 21 21 26 17 16 18 9 3 7 10 12 10 Storage 6 | . 23 28 12 11 19 19 9 9 9 7 4 4 7 7 7 7 7 6 6 6 6 6 6 5 5 5 5 5 5 5 5 4 4 4 4 4 4 4 4 4 4 4 4 4 4 4 Processor 1 | . . . 1 . . . . . . 4 7 6 12 10 . . . . . . . . . . . . . . . . . . . . . . . . . . 1 4 4 1 . 4 Hackware 16 | . . . . . . . . 2 8 . . . . 6 8 15 15 13 20 25 23 20 22 24 29 22 23 21 17 9 20 19 19 22 23 22 21 26 27 26 24 26 24 24 24 20 Protection 5 | . . . 6 11 11 11 16 9 10 7 . 14 8 7 11 7 7 5 . . 1 6 6 5 5 10 5 12 6 8 5 4 3 1 . 1 . . 1 1 3 4 4 4 4 4 Energy Cannon 3 | . . . 14 21 22 9 . . . . . . . . . . . . . . 4 6 6 4 5 6 5 5 4 5 4 4 3 4 3 3 4 3 4 3 3 3 7 4 4 3 Ballistic Gun 3 | . 5 21 6 . . 10 17 17 12 . 6 10 7 2 4 5 . . . . . . . . . . . . . . . . . . . . . . . . . . . . . . Special Weapon 2 | . . . . . . . . . . . . . . 1 1 3 1 . 5 . 3 6 5 4 5 3 4 4 3 3 4 4 3 4 4 2 4 3 4 4 3 4 . 3 4 2 Peak Build Rating 236 | 6 9 10 21 21 22 25 42 51 49 57 60 58 64 61 76 82 86 89 87 90 101 101 104 114 108 115 110 122 126 120 137 143 149 150 154 157 178 182 177 192 214 216 223 221 226 236 Average Rating 121 | 4 7 8 17 18 20 22 32 42 40 42 53 54 56 58 56 71 78 83 77 86 93 99 99 108 108 109 103 119 118 114 131 139 141 144 148 145 173 172 171 175 194 201 220 217 215 211 On Entrance 97 | . 6 9 7 21 18 22 25 42 49 30 54 39 45 60 56 72 67 80 76 87 81 101 101 97 108 108 89 105 115 110 112 135 143 142 148 137 155 177 177 167 180 204 196 221 214 216 Naked Turns . | . . . . . . . . . . . . . . . . . . . . . . . . . . . . . . . . . . . . . . . . . . . . . . . Heaviest Build 228 | 11 33 32 46 46 85 85 81 82 82 81 68 64 142 142 149 146 155 159 126 126 131 131 147 150 147 163 155 174 177 174 178 175 185 173 157 171 185 199 188 219 208 193 202 203 198 228 Greatest Support 255 | 40 40 40 60 60 60 63 65 64 67 60 56 56 48 28 150 150 150 150 150 150 150 150 150 150 150 150 150 150 150 150 160 195 195 195 185 185 185 185 190 190 205 205 255 255 255 255 Greatest Overweight (x) 7 | . . 1 2 . 1 3 1 1 1 7 1 1 6 5 4 . 1 1 . . . . . . . 1 1 1 1 1 1 1 1 . . 1 1 1 1 1 1 1 . . . 1 Average Overweight (x) . | . . . . . . . . 1 1 1 . . 3 4 1 . . . . . . . . . . . . . . . 1 . . . . . . . . . . . . . . . Largest Inventory Capacity 29 | 8 15 15 15 15 20 20 20 20 20 20 20 15 25 25 25 25 25 25 25 25 25 25 25 25 25 25 25 25 25 25 25 25 25 25 25 25 25 25 25 25 29 29 29 29 29 29 Average Capacity 24 | 5 12 15 15 15 19 20 20 20 20 20 15 10 24 25 25 25 25 25 25 25 25 25 25 25 25 25 25 25 25 25 25 25 25 25 25 25 25 25 25 25 26 29 29 29 29 29 Most Carried 29 | 2 8 8 15 15 19 20 20 20 20 20 20 13 25 25 25 25 25 25 25 25 25 25 25 23 21 21 25 25 25 23 25 25 25 25 24 25 25 25 25 24 26 29 29 29 29 29 Average Carried 22 | 1 5 6 13 15 16 18 19 19 18 17 14 8 23 24 20 24 24 24 23 23 24 24 24 21 21 18 22 23 23 21 23 25 24 21 22 24 24 24 24 22 21 27 25 28 28 27 Final Capacity 29 | 8 15 15 15 15 20 20 20 20 20 20 5 15 25 25 25 25 25 25 25 25 25 25 25 25 25 25 25 25 25 25 25 25 25 25 25 25 25 25 25 25 29 29 29 29 29 29 Final Carried 29 | 2 7 8 15 15 19 18 20 20 17 20 5 12 24 25 25 25 25 24 23 25 25 25 24 21 21 19 25 23 23 22 25 25 25 22 24 24 24 25 24 22 24 29 25 29 29 28 Class Distribution -------------------- 68% | Botlord-Mutant 19% | Mutant 8% | Bothacker-Mutant 3% | Scavenger-Mutant Dominant Class ---------------- Mutant | -10/Materials Mutant | -10/Mines Scavenger-Mutant | -9/Materials Mutant | -9/Mines Mutant | -9/Exiles Mutant | -8/Mines Mutant | -8/Materials Mutant | -8/Garrison Mutant | -8/Storage Mutant | -7/Factory Infiltrator-Mutant | -7/Waste Mutant | -7/Factory Bothacker-Mutant | -7/Garrison Bothacker-Mutant | -7/Factory Bothacker-Mutant | -7/Garrison Bothacker-Mutant | -7/Factory Bothacker-Mutant | -7/Garrison Botlord-Mutant | -6/Factory Botlord-Mutant | -6/Waste Botlord-Mutant | -6/Factory Botlord-Mutant | -6/Garrison Botlord-Mutant | -6/Factory Botlord-Mutant | -6/Garrison Botlord-Mutant | -5/Factory Botlord-Mutant | -5/Waste Botlord-Mutant | -5/Factory Botlord-Mutant | -5/Garrison Botlord-Mutant | -4/Factory Botlord-Mutant | -4/Garrison Botlord-Mutant | -4/Factory Botlord-Mutant | -4/Garrison Botlord-Mutant | -3/Research Botlord-Mutant | -3/Garrison Botlord-Mutant | -3/Research Botlord-Mutant | -3/Quarantine Botlord-Mutant | -3/Garrison Botlord-Mutant | -2/Research Botlord-Mutant | -2/Garrison Botlord-Mutant | -2/Research Botlord-Mutant | -2/Testing Botlord-Mutant | -2/Section 7 Botlord-Mutant | -2/Garrison Botlord-Mutant | -1/Access Botlord-Mutant | -1/Garrison Botlord-Mutant | -1/Access Botlord-Mutant | -1/Command Resources | -11 -10 -10 -9 -9 -9 -8 -8 -8 -8 -7 -7 -7 -7 -7 -7 -7 -7 -6 -6 -6 -6 -6 -6 -5 -5 -5 -5 -4 -4 -4 -4 -3 -3 -3 -3 -3 -2 -2 -2 -2 -2 -2 -1 -1 -1 -1 ----------- Run | Yrd Mat Min Mat Min Exi Min Mat Gar Sto Fac Was Fac Gar Fac Gar Fac Gar Fac Was Fac Gar Fac Gar Fac Was Fac Gar Fac Gar Fac Gar Res Gar Res Qua Gar Res Gar Res Tes Sec Gar Acc Gar Acc Com Matter Collected 22288 | 195 240 82 555 101 . 169 1068 432 1169 244 . 972 449 463 1069 56 601 112 177 69 287 65 352 248 . 497 631 220 805 147 654 . 603 848 156 659 364 996 1095 817 1032 1048 . 484 687 1370 Remotely . | . . . . . . . . . . . . . . . . . . . . . . . . . . . . . . . . . . . . . . . . . . . . . . . Salvage Created 33128 | . 619 122 1474 194 . 334 1204 652 1924 177 . 1199 1432 354 772 . 110 83 152 25 283 55 645 474 . 822 1016 168 597 77 1012 . 1166 1739 447 1184 700 1137 1102 1423 1365 1310 . 713 1130 3736 Parts 1665 | . 40 9 91 32 . 10 79 38 102 6 . 65 85 24 50 . 5 4 4 4 14 3 33 25 . 46 43 10 29 2 43 . 67 71 16 67 60 38 62 58 64 37 . 20 41 168 Haulers Intercepted 20 | . 2 . 6 . . . 6 . 4 . . 1 . . . . . . . . . . . . . . . . . . . . . . . . . . . . 1 . . . . . Recyclers Shooed 9 | . 1 . 2 . . . . . 1 . . 1 . . . . . . . . . . . . . . . . . . . . . 1 . . 1 . 1 . . . . . . 1 Parts Field Recycled . | . . . . . . . . . . . . . . . . . . . . . . . . . . . . . . . . . . . . . . . . . . . . . . . Retrieved Matter . | . . . . . . . . . . . . . . . . . . . . . . . . . . . . . . . . . . . . . . . . . . . . . . . Parts Self-Destructed . | . . . . . . . . . . . . . . . . . . . . . . . . . . . . . . . . . . . . . . . . . . . . . . . Prevented . | . . . . . . . . . . . . . . . . . . . . . . . . . . . . . . . . . . . . . . . . . . . . . . . Kills | -11 -10 -10 -9 -9 -9 -8 -8 -8 -8 -7 -7 -7 -7 -7 -7 -7 -7 -6 -6 -6 -6 -6 -6 -5 -5 -5 -5 -4 -4 -4 -4 -3 -3 -3 -3 -3 -2 -2 -2 -2 -2 -2 -1 -1 -1 -1 ------- Run | Yrd Mat Min Mat Min Exi Min Mat Gar Sto Fac Was Fac Gar Fac Gar Fac Gar Fac Was Fac Gar Fac Gar Fac Was Fac Gar Fac Gar Fac Gar Res Gar Res Qua Gar Res Gar Res Tes Sec Gar Acc Gar Acc Com Combat Hostiles Destroyed 617 | . 14 5 29 16 . 10 23 18 36 2 . 19 31 5 19 . 5 2 . . 3 1 14 9 . 19 12 3 51 1 14 . 16 18 5 22 8 21 16 20 29 16 . 19 15 51 Melee 2 | . . . . . . . . . . 1 . . . . 1 . . . . . . . . . . . . . . . . . . . . . . . . . . . . . . . Guns 141 | . 14 5 7 . . 4 21 18 23 . . 17 27 3 2 . . . . . . . . . . . . . . . . . . . . . . . . . . . . . . . Cannons 316 | . . . 16 5 . 2 . . 8 . . . 1 2 6 . 5 2 . . 2 1 10 5 . 11 12 3 9 1 11 . 6 16 4 19 7 10 15 14 26 13 . 18 14 42 AOE 115 | . . . 6 11 . 4 2 . 5 . . 1 3 . 10 . . . . . . . 2 4 . 4 . . 42 . 2 . 6 . . . . 8 . 4 1 . . . . . Classes Destroyed 24 | . 8 . 3 1 . . 1 . 1 . . 1 1 . . . . . 1 . . . 2 . . . . . 1 . . . . . . . . 2 . . 1 . . . . 1 Worker 24 | . 1 . 2 1 . . 2 . 2 1 . 2 . 1 . . . . . . . . . . . . . . . . . . . 3 1 . 1 . . . . . . . . 7 Builder 13 | . . . 1 . . . 2 . 1 . . 1 . 1 . . . . . . . . . . . . . . . 1 . . . 1 . . 2 . . 1 1 . . . 1 . Tunneler 3 | . . . . 2 . . . . . . . . . 1 . . . . . . . . . . . . . . . . . . . . . . . . . . . . . . . . Hauler 20 | . 2 . 6 . . . 6 . 4 . . 1 . . . . . . . . . . . . . . . . . . . . . . . . . . . . 1 . . . . . Recycler 10 | . 1 . 1 . . . 1 . 1 1 . 1 . . . . . . . . . . . . . . . . . . . . . 1 . . . . . . 1 . . . 1 1 Mechanic 6 | . 1 . . . . . . . 3 . . . . 1 . . . . . . . . . 1 . . . . . . . . . . . . . . . . . . . . . . Operator 7 | . 1 . . . . . 2 . . . . 1 . . . . . . . 2 . . . . . . . . . . . . . . . . . . . . 1 . . . . . Watcher 31 | . 2 . 4 . . . 2 1 2 1 . 3 . . . . . . . . . . . . . . . . 1 . . . . 4 . . . . 2 1 3 . . . . 5 Swarmer 125 | . 8 3 10 15 . 4 9 8 1 . . 1 8 . 15 . . . . . . . 4 . . 6 4 . 8 . . . 1 1 . 6 . 4 1 . 1 3 . 1 2 1 Cutter 21 | . . . . . . . . . . . . . . . . . . . . . . . 2 . . . 3 . 4 . 4 . 4 . . 4 . . . . . . . . . . Grunt 154 | . 6 2 10 . . 6 10 8 19 2 . 9 11 3 . . . 2 . . 3 . 2 3 . 2 4 . 1 1 3 . 1 3 . 6 . 1 4 8 . 7 . 7 3 7 Brawler 16 | . . . . . . . 1 . 2 . . . 1 . . . . . . . . 1 1 . . 1 1 . 1 . 2 . 2 2 . . . . . 1 . . . . . . Duelist 20 | . . . 1 . . . . . 2 . . 1 1 1 . . . . . . . . 1 1 . 1 . . 1 . . . . 1 . . . 5 . . . 1 . . 2 1 Researcher 2 | . . . . . . . . . . . . . . . . . . . . . . . . . . . . . . . . . . . . . . . . . 2 . . . . . Sentry 53 | . . . 8 . . . 3 2 11 . . 6 6 1 1 . 2 . . . . . . . . 1 1 . . . . . 2 1 . . . 3 . . 2 3 . . . . Specialist 3 | . . . . . . . . . . . . . . . . . . . . . . . . . . . . . . . . . . . 3 . . . . . . . . . . . Hunter 42 | . . . . . . . . . 1 . . . . . 2 . . . . . . . . . . 2 . 1 2 . 2 . 4 2 1 2 1 1 . 4 4 3 . 6 . 4 Programmer 132 | . . . . . . . . . . . . 2 4 1 1 . 3 . . . . . 2 4 . 6 . 2 . . 3 . 3 10 2 4 7 5 11 7 10 . . 7 7 31 Heavy 1 | . . . . . . . . . . . . . . . . . . . . . . . . . . . . . . . . . . . . . . . . . . . . . . 1 Behemoth 9 | . . . . . . . . . . . . . . . . . . . . . . . 2 . . . . . . . . . . . . 1 . 1 . . 1 1 . 1 . 2 M Guard 1 | . . . . . . . . . . . . . . . . . . . . . . . . . . . . . . . . . . . . . . . . . . . . . . 1 Tracker 8 | . . . . . . . . . . . . . . . . . . . . . . . . . . . . . . . . . . . . . . . . . 6 . . . 2 . Combat Programmer 9 | . . . . . . . . . . . . . . . . . . . . . . . . . . . . . . . . . . . . . . . . . 5 . . . 2 2 Striker 1 | . . . . . . . . . . . . . . . . . . . . . . . . . . . . . . . . . . . . . . 1 . . . . . . . . Executioner 2 | . . . . . . . . . . . . . . . . . . . . . . . . . . . . . . . . . . . . . . 1 . . 1 . . . . . Assembled 35 | . . . . . . . . . . . . . . . . . . . . . . . . . . . . . 35 . . . . . . . . . . . . . . . . . Wasp 1 | . . . . . . . . . . . . . . . . . . . 1 . . . . . . . . . . . . . . . . . . . . . . . . . . . Thug 2 | . . . . . . . . . . . . . . . . . . . . . 2 . . . . . . . . . . . . . . . . . . . . . . . . . Savage 1 | . . . . . . . . . . . . . . . . . . . . . . . . . . . . . . . . . . . . . 1 . . . . . . . . . Martyr 2 | . . . . . . . . . . . . . . . . . . . 2 . . . . . . . . . . . . . . . . . . . . . . . . . . . Infiltrator 3 | . . . . . . . . . . . . . 1 . . . 1 . . . . . . 1 . . . . . . . . . . . . . . . . . . . . . . Best Kill Streak 27 | . 5 3 8 9 . 4 5 3 8 2 . 10 13 3 9 . 2 2 . 1 1 1 4 5 . 4 3 2 27 1 4 . 6 4 3 4 3 10 3 7 3 4 . 7 4 3 Combat Bots Only 26 | . 5 3 5 8 . 4 4 3 5 2 . 8 13 2 9 . 2 2 . . 1 1 4 4 . 4 3 2 26 1 4 . 6 3 3 4 3 10 3 7 3 4 . 7 3 3 Max Kills in Single Turn 4 | . 2 1 2 4 . 3 2 2 3 1 . 2 2 1 2 . 1 1 1 1 1 1 2 3 . 3 1 1 4 1 2 . 3 1 1 1 1 4 1 3 1 1 . 1 1 1 Gunslinging 1 | . 1 . . . . . . 1 . . . . . . . . . . . . . . . . . . . . . . . . . . . . . . . . . . . . . . Exploded 4 | . . . 2 4 . 3 2 . 2 . . 1 2 . 2 . . . . . . . 2 2 . 3 . . 3 . 2 . 3 . . . . 4 . 3 1 . . . . . Melee 1 | . . . . . . . . . . 1 . . . . 1 . . . . . . . . . . . . . . . . . . . . . . . . . . . . . . . Uniques/NPCs Destroyed 3 | . . . . 1 . . . . . . . . . . . . . . . . . . . . . . . . . . . . . . . . . . . . . . . . . 2 YI-UF0 (-9/Mines) MAIN.C Shell (-1/Command) MAIN.C (-1/Command) Combat | -11 -10 -10 -9 -9 -9 -8 -8 -8 -8 -7 -7 -7 -7 -7 -7 -7 -7 -6 -6 -6 -6 -6 -6 -5 -5 -5 -5 -4 -4 -4 -4 -3 -3 -3 -3 -3 -2 -2 -2 -2 -2 -2 -1 -1 -1 -1 -------- Run | Yrd Mat Min Mat Min Exi Min Mat Gar Sto Fac Was Fac Gar Fac Gar Fac Gar Fac Was Fac Gar Fac Gar Fac Was Fac Gar Fac Gar Fac Gar Res Gar Res Qua Gar Res Gar Res Tes Sec Gar Acc Gar Acc Com Hostile Shots Fired 4507 | . 115 37 107 39 . 36 133 108 275 9 4 349 231 76 156 19 59 33 . 4 25 18 150 53 . 92 82 35 155 60 102 . 111 97 152 103 38 122 51 117 275 164 . 153 161 401 Missed 1237 | . 30 4 30 15 . 9 34 30 61 2 2 127 74 26 43 7 20 14 . 1 8 4 29 13 . 27 15 12 47 27 20 . 41 30 29 20 7 29 18 31 40 63 . 47 56 95 Damage Taken 47918 | . 837 409 1002 362 . 415 1165 696 3445 180 83 1630 864 492 1071 107 337 138 3 103 213 69 1153 519 . 1334 845 227 1708 608 1076 . 1109 1011 1533 1367 466 1752 536 1167 4551 1477 . 1112 2384 8362 Core 3570 | . 114 34 69 . . 46 70 82 286 . 51 165 101 49 65 18 9 2 . 51 21 4 56 9 . 50 49 10 155 23 51 . 28 96 183 155 11 241 59 96 385 65 . 102 136 373 Absorbed by Shields 14988 | . . . . . . . 184 314 20 . . 637 701 . 392 . 166 52 2 37 75 33 774 270 . 366 564 196 1061 299 798 . 643 874 234 569 485 1225 383 764 1084 970 . 816 . . Reduced by Siege Mode 1766 | . . . . . . . . . . . . . . . . . 4 . . . . . 41 39 . 37 34 3 12 . 60 . 12 119 214 51 18 164 25 83 144 34 . 80 103 489 Redirected to Core 169 | . . . . . . . . . . . . . . . . . . . . . . . . . . . . . . . . . . . . . . 63 34 72 . . . . . . Redirected to Shielding 205 | . . . . . . . . . . . . . . . . . . . . . . . . . . . . . . . . . . . . . . . 23 77 . . . . . 105 Ignored by Resistances 829 | . . . . . . . . . . . . . . . . . . 18 . . . . . . . . . . . . . . . . . 83 . . . . 63 . . 583 69 13 Regen/Repaired (Parts) 15572 | . 216 . 49 . . . 134 . 647 . . 17 . 137 . . . . 17 11 85 23 17 173 . 532 . 111 35 . . . . 190 247 . . . . 141 2495 1010 1620 506 1068 6091 Core Remaining (%) 60 | 100 . 40 . . . 71 . . 20 . . . . . . . 34 . . . . . 84 . . . 89 . . . 79 . . . . 64 . . . . . 33 . . . 50 Volleys Fired 3406 | . 94 19 98 14 . 18 120 57 155 . . 81 26 42 66 3 37 8 16 8 30 7 81 36 6 63 110 31 97 12 83 . 92 175 57 111 84 172 139 107 245 153 . 129 167 357 Largest 2 | . 2 2 2 2 . 2 2 2 2 . . 2 2 2 2 1 1 1 1 2 1 1 1 2 1 2 1 2 2 2 2 . 1 1 1 1 1 2 1 1 2 1 . 1 1 1 Hottest 226 | . 100 60 150 150 . 150 46 46 96 . . 160 75 75 75 83 83 83 83 83 113 113 113 226 10 226 113 226 152 226 226 . 120 120 120 120 120 180 120 120 210 130 . 130 130 130 Shots Fired 4248 | . 182 38 192 22 . 34 239 114 303 . . 153 124 54 114 4 37 8 16 11 30 7 83 44 6 70 104 33 101 15 96 . 91 177 59 116 87 173 142 110 250 153 . 129 166 361 Gun 1309 | . 182 38 97 . . 19 238 114 226 . . 150 117 31 89 2 . . . 6 . . . . . . . . . . . . . . . . . . . . . . . . . . Cannon 2231 | . . . 91 16 . 11 . . 72 . . . 3 8 12 1 23 8 3 5 25 3 72 33 . 53 87 16 44 12 79 . 61 126 51 97 69 103 103 77 216 127 . 92 120 312 Launcher 112 | . . . 4 6 . 4 1 . 5 . . 3 4 . 10 . . . . . . . 2 3 . 2 . . 44 . 2 . 6 . . . . 5 . 2 9 . . . . . Special 596 | . . . . . . . . . . . . . . 15 3 1 14 . 13 . 5 4 9 8 6 15 17 17 13 3 15 . 24 51 8 19 18 65 39 31 25 26 . 37 46 49 Kinetic 1255 | . 35 34 97 . . 19 238 114 298 . . 114 120 26 101 3 23 8 3 5 5 . . . . . . . . . . . . . . . . . . . . . . . . 12 Thermal 2285 | . 147 4 91 16 . 11 . . . . . 36 . 13 . . . . . 6 20 3 72 33 . 53 87 16 44 12 79 . 61 126 51 97 69 103 103 77 216 127 . 92 120 300 Explosive 106 | . . . 4 6 . 4 1 . 5 . . 3 4 . 10 . . . . . . . 2 3 . 2 . . 44 . 2 . . . . . . 5 . 2 9 . . . . . Electromagnetic 6 | . . . . . . . . . . . . . . . . . . . . . . . . . . . . . . . . . 6 . . . . . . . . . . . . . Robot Hit Streak 52 | . 12 8 14 3 . 10 14 17 43 . . 26 31 17 27 10 10 2 4 5 5 7 17 6 7 8 10 13 8 2 12 . 18 19 20 19 13 52 23 17 20 14 . 32 16 30 Robot Miss Streak 13 | . 7 2 5 6 . 2 4 3 3 . . 2 3 5 5 1 2 2 3 2 4 . 3 3 . 2 3 1 3 1 7 . 6 4 1 3 6 3 6 2 13 4 . 3 3 5 Penetration Max . | . . . . . . . . . . . . . . . . . . . . . . . . . . . . . . . . . . . . . . . . . . . . . . . Secondary Targets 10 | . 1 2 . . . . 2 2 1 . . 2 . . . . . . . . . . . . . . . . . . . . . . . . . . . . . . . . . . Max Gunslinging Chain 1 | . 1 1 . . . . 1 1 1 . . 1 . . . . . . . . . . . . . . . . . . . . . . . . . . . . . . . . . . Capacitor 1448 | . . . . . . . . . . . . . . . . . . . . . . . . . . . . . . . . . . 103 51 97 69 102 103 69 215 127 . 92 120 300 Autonomous 88 | . . . . . . . . . . . . . 80 . 8 . . . . . . . . . . . . . . . . . . . . . . . . . . . . . . . Shots Hit Robots 2879 | . 102 25 122 7 . 23 172 80 236 11 . 132 102 38 86 2 24 4 9 6 15 4 51 24 6 45 68 25 49 5 60 . 67 114 43 69 40 136 88 70 156 98 . 97 100 268 Core Hits 1188 | . 39 10 64 19 . 16 61 33 98 2 . 64 52 16 59 . 5 3 2 3 7 1 22 13 . 20 25 4 102 2 28 . 51 34 9 25 12 31 22 32 50 30 . 20 23 79 Critical Kills 49 | . . . . . . . 1 1 1 2 . . 1 . . . . . . . 1 . 3 . . 1 2 . 1 . 1 . 1 3 2 3 1 3 1 2 3 3 . 1 2 9 Critical Parts Destroyed 6 | . . . . . . . . 2 3 . . 1 . . . . . . . . . . . . . . . . . . . . . . . . . . . . . . . . . . Critical Strikes 70 | . 5 . . . . . 1 3 8 2 . 1 3 1 . . . 2 1 . 1 . 3 . . 1 2 . 1 . 1 . 1 3 2 3 1 3 1 2 3 3 . 1 2 9 Burn 5 | . 5 . . . . . . . . . . . . . . . . . . . . . . . . . . . . . . . . . . . . . . . . . . . . . Meltdown 43 | . . . . . . . . . . . . . . . . . . . . . 1 . 3 . . 1 2 . 1 . 1 . 1 3 2 3 1 3 1 2 3 3 . 1 2 9 Destroy 11 | . . . . . . . 1 3 4 . . . 3 . . . . . . . . . . . . . . . . . . . . . . . . . . . . . . . . . Blast 8 | . . . . . . . . . 4 . . . . 1 . . . 2 1 . . . . . . . . . . . . . . . . . . . . . . . . . . . Smash 3 | . . . . . . . . . . 2 . 1 . . . . . . . . . . . . . . . . . . . . . . . . . . . . . . . . . . Melee Attacks 37 | . . . . . . . . 5 3 18 . 9 . . . . . . . . . . . . . . . . . . . . . . . . . . . . . . . . . 2 Impact 35 | . . . . . . . . 5 3 18 . 9 . . . . . . . . . . . . . . . . . . . . . . . . . . . . . . . . . . Slashing . | . . . . . . . . . . . . . . . . . . . . . . . . . . . . . . . . . . . . . . . . . . . . . . . Piercing . | . . . . . . . . . . . . . . . . . . . . . . . . . . . . . . . . . . . . . . . . . . . . . . . Sneak Attacks 7 | . . . . . . . . . . 5 . . . . . . . . . . . . . . . . . . . . . . . . . . . . . . . . . . . 2 Combat Hostiles . | . . . . . . . . . . . . . . . . . . . . . . . . . . . . . . . . . . . . . . . . . . . . . . . Follow-up Attacks . | . . . . . . . . . . . . . . . . . . . . . . . . . . . . . . . . . . . . . . . . . . . . . . . Damage Inflicted 107691 | 1 1166 229 2530 1047 . 611 2885 1240 5077 793 . 3206 3204 834 2770 18 1131 389 226 314 503 42 2434 1455 . 1729 2285 510 5598 112 2745 . 3201 3960 1527 2538 1397 5185 2983 2917 11911 3585 . 6499 3816 13088 Guns 16185 | . 1163 229 639 . . 241 2663 1240 2866 . . 2767 2610 425 1287 18 . . . 37 . . . . . . . . . . . . . . . . . . . . . . . . . . Cannons 74112 | . . . 1362 175 . 150 . . 1249 . . . 137 409 416 . 1131 327 226 274 469 42 2063 910 . 1436 2285 498 955 79 2437 . 2006 3862 1524 2538 1280 3382 2952 2057 10945 3564 . 6444 3665 12863 Explosions 15101 | . . . 493 829 . 204 157 . 910 . . 163 457 . 1047 . . 62 . . . . 313 545 . 278 . . 4609 . 273 . 1182 . . . . 1803 . 826 950 . . . . . Melee 1066 | . . . . . . . . . . 793 . 273 . . . . . . . . . . . . . . . . . . . . . . . . . . . . . . . . . . Ramming 1227 | 1 3 . 36 43 . 16 65 . 52 . . 3 . . 20 . . . . 3 34 . 58 . . 15 . 12 34 33 35 . 13 98 3 . 117 . 31 34 16 21 . 55 151 225 Kinetic 19220 | . 174 196 639 . . 241 2663 1240 4115 . . 1919 2747 688 1703 18 1131 327 226 274 77 . . . . . . . . . . . . . . . . . . . . . . . . 842 Thermal 71104 | . 989 33 1362 175 . 150 . . . . . 848 . 146 . . . . . 37 392 42 2063 910 . 1436 2285 498 955 79 2437 . 2033 3862 1524 2538 1280 3382 2952 2057 10945 3564 . 6444 3665 12021 Explosive 13898 | . . . 493 829 . 204 157 . 910 . . 142 457 . 1047 . . 62 . . . . 313 545 . 278 . . 4609 . 273 . . . . . . 1803 . 826 950 . . . . . Electromagnetic 1176 | . . . . . . . . . . . . 21 . . . . . . . . . . . . . . . . . . . . 1155 . . . . . . . . . . . . . Impact 1066 | . . . . . . . . . . 793 . 273 . . . . . . . . . . . . . . . . . . . . . . . . . . . . . . . . . . Slashing . | . . . . . . . . . . . . . . . . . . . . . . . . . . . . . . . . . . . . . . . . . . . . . . . Piercing . | . . . . . . . . . . . . . . . . . . . . . . . . . . . . . . . . . . . . . . . . . . . . . . . Highest Corruption 29 | . 3 3 . . . . . . 7 . 6 16 17 17 12 5 6 . . 2 2 2 6 5 24 27 29 2 10 13 23 . 7 14 14 16 6 1 4 5 24 24 . 4 9 15 Average Corruption 9 | . 2 3 . . . . . . 6 . 6 15 16 13 5 5 5 . . 1 2 2 4 3 13 25 27 1 3 10 21 . 4 8 14 15 4 1 2 3 10 24 . 3 6 4 Corruption Purged 46 | . . . . . . . . . . . . . . 5 10 . . . . . . . . . . . . . . . . . . . . . 9 . 4 . . . . . . 18 Corruption Blocked . | . . . . . . . . . . . . . . . . . . . . . . . . . . . . . . . . . . . . . . . . . . . . . . . Effects 1319 | . 12 8 . . . . . . 5 . 1 59 53 61 46 17 34 . . 6 21 3 43 12 6 65 99 . 31 18 78 . 29 94 43 61 27 6 42 33 91 72 . 24 39 80 Message Errors 303 | . 2 . . . . . . . . . . 11 16 12 9 2 8 . . 1 6 . 10 1 1 15 20 . 7 2 20 . 5 22 9 8 8 1 15 10 23 22 . 10 4 23 Matter Fused 301 | . 4 4 . . . . . . . . 1 8 14 20 12 4 8 . . 2 5 2 5 4 2 13 21 . 5 5 16 . 9 22 7 20 5 1 8 8 21 13 . 6 7 19 Heat Flow Errors 160 | . 3 1 . . . . . . . . . 7 5 10 7 2 1 . . 1 6 . 10 2 . 5 13 . 3 1 7 . 5 12 7 5 3 . 6 7 6 6 . 3 6 10 Energy Discharges 172 | . 1 . . . . . . . 1 . . 11 4 6 8 3 5 . . 1 2 . 7 3 . 9 12 . 4 1 9 . 4 15 6 9 2 1 5 5 10 11 . . 7 10 Parts Rejected 14 | . . . . . . . . . 1 . . 3 . . . . . . . . . . 1 . . 2 . . . . 1 . . . 1 1 . . . . 2 . . . 1 1 Parts Fused 13 | . . . . . . . . . . . . . 2 1 1 . . . . . . . . . . 2 . . . 1 1 . . . . 1 2 . 1 . . . . . . 1 Data Loss (minor) 149 | . . 3 . . . . . . . . . 4 7 9 4 4 7 . . 1 1 1 3 . 1 6 13 . 8 4 10 . 2 14 7 4 3 2 1 . 9 8 . 5 4 4 Data Loss (major) 60 | . . . . . . . . . 2 . . 2 . 1 4 1 1 . . . 1 . 4 1 . 2 7 . 2 . 2 . 3 2 1 2 1 1 2 . 7 2 . . 4 5 Misfires 64 | . 2 . . . . . . . 1 . . 4 2 1 1 1 1 . . . . . 2 . . 1 2 . 1 2 7 . . 3 2 6 3 . 3 3 8 3 . . 1 4 Alerts 30 | . . . . . . . . . . . . . 1 . . . 2 . . . . . 1 1 . 4 2 . . . 1 . . 3 1 3 . . 1 . 1 3 . . 3 3 Misdirections 15 | . . . . . . . . . . . . 1 1 . . . . . . . . . . . 2 3 1 . 1 2 . . . . 2 1 . . . . . 1 . . . . Weapon Failures 38 | . . . . . . . . . . . . 8 1 1 . . 1 . . . . . . . . 3 8 . . . 4 . 1 1 . 1 . . . . 4 3 . . 2 . Overload Shots 1 | . . . . . . . . . . . . . . . . . . . . . . . . . . . . . . . . . . . . . . . . . 1 . . . . . Overflow Damage 5293 | . . . 79 32 . . . . 67 163 . 76 11 91 100 . 210 . 10 56 2 . 73 162 . 1 . 30 132 18 128 . 8 326 93 118 118 266 196 131 848 85 . 849 210 604 Projectiles 4373 | . . . . 5 . . . . 10 . . . . 91 47 . 210 . 10 56 2 . 47 162 . 1 . 30 5 18 116 . 8 305 93 118 118 80 196 89 848 85 . 849 210 564 Explosions 653 | . . . 79 27 . . . . 57 . . 33 11 . 53 . . . . . . . 26 . . . . . 127 . 12 . . . . . . 186 . 42 . . . . . . Melee 267 | . . . . . . . . . . 163 . 43 . . . . . . . . . . . . . . . . . . . . . 21 . . . . . . . . . . . 40 Knockbacks 33 | . . . . . . 1 1 . 8 5 . . . 1 . . 1 1 2 1 . . 1 . . . . . . . 1 . . 1 . . 1 . . . . . . . . 8 Impact 14 | . . . . . . 1 1 . 1 5 . . . . . . . . . . . . 1 . . . . . . . 1 . . 1 . . 1 . . . . . . . . 2 Kinetic 18 | . . . . . . . . . 7 . . . . 1 . . 1 1 1 1 . . . . . . . . . . . . . . . . . . . . . . . . . 6 Secondary 1 | . . . . . . . . . . . . . . . . . . . 1 . . . . . . . . . . . . . . . . . . . . . . . . . . . Self-Inflicted Damage 1428 | . . . . 65 . . . . 49 . . 31 . . 77 . . . . . . . . . . . . . 421 197 87 . 144 . . . . 357 . . . . . . . . Shots 37 | . . . . 3 . . . . 1 . . 1 . . 2 . . . . . . . . . . . . . 11 2 2 . 11 . . . . 4 . . . . . . . . Rammed 94 | 1 1 . 5 4 . 4 7 . 18 . . 1 . . 4 . . . . 2 3 . 3 . . 1 . 1 1 1 3 . 1 7 1 . 5 . 3 2 1 1 . 1 4 8 Targets Rammed 107 | 1 1 . 7 5 . 4 12 . 19 . . 1 . . 5 . . . . 2 3 . 3 . . 1 . 1 1 2 3 . 1 7 1 . 5 . 3 2 1 1 . 1 5 9 Kicked . | . . . . . . . . . . . . . . . . . . . . . . . . . . . . . . . . . . . . . . . . . . . . . . . Crushed 13 | . . . 2 1 . . 5 . 1 . . . . . 1 . . . . . . . . . . . . . . 1 . . . . . . . . . . . . . . 1 1 Highest Temperature 508 | . 304 143 336 270 . 432 10 42 395 . . 355 237 340 335 285 284 182 . 231 238 . 376 245 . 250 508 . 153 77 368 . 188 295 189 198 198 322 358 383 201 201 . 198 198 198 Average Temperature 113 | . 108 72 108 100 . 177 4 20 63 . . 77 63 117 89 102 107 90 . 142 78 . 147 74 . 53 156 . 52 43 100 . 78 82 91 95 94 105 108 139 104 112 . 127 113 138 Received Heat Transfer 6688 | . 234 225 300 . . 216 478 321 1450 63 . 467 259 141 81 . 55 50 . 6 149 20 248 12 . 137 203 5 77 32 30 . 14 45 547 90 12 119 16 119 72 114 . 38 27 216 Effects 48 | . 3 . . . . 2 . . 1 . . . . . . . 1 . . . . . 2 . . . 12 . . . 2 . . . . . . 3 1 2 10 9 . . . . Shutdowns 8 | . . . . . . . . . . . . . . . . . . . . . . . . . . . 5 . . . . . . . . . . . 1 2 . . . . . . Energy Bleed 5 | . 1 . . . . . . . . . . . . . . . . . . . . . . . . . 1 . . . . . . . . . . . . . . 3 . . . . Interference 27 | . 2 . . . . . . . . . . . . . . . 1 . . . . . 2 . . . 1 . . . 2 . . . . . . 3 . . 10 6 . . . . Matter Decay 1 | . . . . . . . . . 1 . . . . . . . . . . . . . . . . . . . . . . . . . . . . . . . . . . . . . Short Circuit 3 | . . . . . . 2 . . . . . . . . . . . . . . . . . . . . 1 . . . . . . . . . . . . . . . . . . . Damage (minor) 1 | . . . . . . . . . . . . . . . . . . . . . . . . . . . 1 . . . . . . . . . . . . . . . . . . . Damage (major) 3 | . . . . . . . . . . . . . . . . . . . . . . . . . . . 3 . . . . . . . . . . . . . . . . . . . Siege Activations 121 | . . . . . . . . . . . . . . . . . 1 . 1 . . . 2 2 . 3 2 1 1 1 4 . 5 8 3 4 3 7 8 8 17 4 . 2 7 27 Total Turns 2925 | . . . . . . . . . . . . . . . . . 39 . 9 . . . 51 89 . 105 29 102 8 17 45 . 63 202 49 90 80 120 84 124 210 148 . 71 135 1055 Longest Duration 288 | . . . . . . . . . . . . . . . . . 39 . 9 . . . 28 64 . 67 23 102 8 17 17 . 30 78 26 61 66 36 39 41 31 63 . 61 66 288 Robots Corrupted 14 | . . . . . . . . . . 2 . 2 . . . . . . 1 . . . . . . . . . . . . . 3 2 . . . . . . . . . . . 4 Combat Hostiles 4 | . . . . . . . . . . 1 . 1 . . . . . . . . . . . . . . . . . . . . 2 . . . . . . . . . . . . . Parts Fried 21 | . . . . . . . . . . 4 . 4 . 1 . . . . 1 . . . . . . . . . . . . . 3 3 . . . . . . . . . . 1 4 Impact Corruptions 18 | . . . . . . . . . . 8 . 3 . . . . . . 1 . . . . . . . . . . . . . . 2 . . . . . . . . . . . 4 Robots Melted 49 | . . . . . . . . . . . . . . . . . . . . . 1 . 3 . . 4 2 . 1 . 1 . 1 3 2 3 1 4 1 2 3 4 . 1 2 10 Combat Hostiles 38 | . . . . . . . . . . . . . . . . . . . . . 1 . 2 . . 4 . . . . 1 . 1 2 1 3 1 3 1 2 2 3 . 1 1 9 Parts Melted 152 | . 6 . 3 . . 2 . . . . . 3 . . . . . . . . 2 . 4 1 . 4 6 . 3 2 3 . . 14 5 7 6 12 4 3 5 7 . 2 6 42 Heat Transferred 55911 | . 3010 75 2035 259 . 222 . . . . . 1875 . 407 . . . . . 111 351 37 1736 703 . 1258 2109 407 888 74 2072 . 1545 3145 1258 2108 962 2793 2181 1590 5925 2930 . 3249 2733 7863 Parts Sabotaged . | . . . . . . . . . . . . . . . . . . . . . . . . . . . . . . . . . . . . . . . . . . . . . . . Parts Stolen . | . . . . . . . . . . . . . . . . . . . . . . . . . . . . . . . . . . . . . . . . . . . . . . . Parts Stripped . | . . . . . . . . . . . . . . . . . . . . . . . . . . . . . . . . . . . . . . . . . . . . . . . Power Chain Reactions 1 | . . . . . . . . . . . . . . . . . . . . . . . . . . . . . . . . . 1 . . . . . . . . . . . . . Alert | -11 -10 -10 -9 -9 -9 -8 -8 -8 -8 -7 -7 -7 -7 -7 -7 -7 -7 -6 -6 -6 -6 -6 -6 -5 -5 -5 -5 -4 -4 -4 -4 -3 -3 -3 -3 -3 -2 -2 -2 -2 -2 -2 -1 -1 -1 -1 ------- Run | Yrd Mat Min Mat Min Exi Min Mat Gar Sto Fac Was Fac Gar Fac Gar Fac Gar Fac Was Fac Gar Fac Gar Fac Was Fac Gar Fac Gar Fac Gar Res Gar Res Qua Gar Res Gar Res Tes Sec Gar Acc Gar Acc Com Peak Influence 1451 | . 302 60 733 679 . 192 395 1138 715 383 103 513 1451 851 1149 826 982 617 215 179 1115 697 1275 850 287 341 824 602 908 542 547 307 527 315 102 380 228 552 338 154 247 481 288 532 369 264 Initial 761 | . . 9 23 271 . . 16 244 554 324 68 51 359 761 109 602 466 515 215 8 32 585 487 669 287 200 . 432 18 466 107 307 230 296 21 3 202 . 310 13 . 155 288 110 319 61 Average 305 | . 123 26 331 585 . 59 141 707 484 306 74 209 1010 463 760 639 849 560 88 71 790 601 830 733 287 211 402 383 506 452 342 307 329 69 37 222 97 313 72 41 86 304 172 368 119 95 Maximum Alert Level 4 | . 1 . 3 2 . . 1 4 3 1 . 2 4 3 4 3 3 2 1 . 4 2 4 3 1 1 3 2 3 2 2 1 2 1 . 1 1 2 1 . 1 2 1 2 1 1 Low Security (%) 49 | 100 93 100 27 . . 100 67 . . 22 100 60 . 19 7 . . . 62 100 4 . . . . 33 25 2 16 5 24 . 8 84 100 31 73 24 91 100 94 9 76 4 77 90 Level 1 21 | . 6 . 40 12 . . 32 14 35 77 . 18 6 26 3 . . . 37 . 8 . . . 100 66 24 39 9 1 44 100 59 15 . 68 26 34 8 . 5 72 23 47 22 9 Level 2 17 | . . . 27 87 . . . 33 62 . . 20 15 24 27 91 6 100 . . 12 100 37 36 . . 35 58 44 93 31 . 32 . . . . 41 . . . 18 . 48 . . Level 3 10 | . . . 4 . . . . 49 1 . . . 32 29 59 8 93 . . . 72 . 42 63 . . 13 . 28 . . . . . . . . . . . . . . . . . Level 4 1 | . . . . . . . . 2 . . . . 45 . 2 . . . . . 2 . 19 . . . . . . . . . . . . . . . . . . . . . . . Level 5 . | . . . . . . . . . . . . . . . . . . . . . . . . . . . . . . . . . . . . . . . . . . . . . . . High Security . | . . . . . . . . . . . . . . . . . . . . . . . . . . . . . . . . . . . . . . . . . . . . . . . Max Security . | . . . . . . . . . . . . . . . . . . . . . . . . . . . . . . . . . . . . . . . . . . . . . . . Squads Dispatched 168 | . 3 . 3 1 . . 3 . 7 1 . 11 . 5 . 1 . . . 2 . 3 . 2 . 10 . 9 . 5 . . . 13 4 . 7 . 12 9 19 . 1 . 9 28 Investigation 18 | . 2 . 1 . . . . . . . . . . . . 1 . . . . . 1 . . . 1 . 1 . . . . . 1 2 . 2 . 1 3 1 . . . . 1 Extermination 69 | . . . . . . . . . . 1 . 4 . 1 . . . . . 1 . . . 1 . 3 . 2 . 1 . . . 4 2 . 4 . 5 4 7 . 1 . 3 25 Reinforcement 39 | . 1 . 2 . . . 3 . 4 . . 4 . 2 . . . . . 1 . . . . . 3 . 2 . . . . . 5 . . 1 . 6 1 2 . . . . 2 Assault 9 | . . . . 1 . . . . 3 . . . . 1 . . . . . . . . . 1 . . . . . 1 . . . 2 . . . . . . . . . . . . Garrison 21 | . . . . . . . . . . . . 3 . 1 . . . . . . . 2 . . . 3 . 4 . 3 . . . 1 . . . . . 1 . . . . 3 . Intercept 12 | . . . . . . . . . . . . . . . . . . . . . . . . . . . . . . . . . . . . . . . . . 9 . . . 3 . Searches Triggered . | . . . . . . . . . . . . . . . . . . . . . . . . . . . . . . . . . . . . . . . . . . . . . . . Construction Impeded 7 | . . . . . . . . . 1 . . 2 . 1 . . . . . . . . . . . 1 . 1 . . . . . 1 . . . . . . . . . . . . Haulers Reinforced 2 | . . . . . . . . . . . . 1 . . . . . . . . . . . . . . . . . . . . . 1 . . . . . . . . . . . . Active Scanning Responses . | . . . . . . . . . . . . . . . . . . . . . . . . . . . . . . . . . . . . . . . . . . . . . . . Cargo Convoy Interrupts . | . . . . . . . . . . . . . . . . . . . . . . . . . . . . . . . . . . . . . . . . . . . . . . . Alert ID Control Effect 256 | . . . . . . . . . . . . . . . . 1 6 1 . . 7 8 14 8 . 3 8 13 6 . 11 . 7 25 1 7 7 24 21 3 16 8 . 10 13 28 Stealth | -11 -10 -10 -9 -9 -9 -8 -8 -8 -8 -7 -7 -7 -7 -7 -7 -7 -7 -6 -6 -6 -6 -6 -6 -5 -5 -5 -5 -4 -4 -4 -4 -3 -3 -3 -3 -3 -2 -2 -2 -2 -2 -2 -1 -1 -1 -1 --------- Run | Yrd Mat Min Mat Min Exi Min Mat Gar Sto Fac Was Fac Gar Fac Gar Fac Gar Fac Was Fac Gar Fac Gar Fac Was Fac Gar Fac Gar Fac Gar Res Gar Res Qua Gar Res Gar Res Tes Sec Gar Acc Gar Acc Com Distress Signals 56 | . 2 . 6 . . . 3 . 1 . . 4 . . . . . . . . . . . 2 . . . 2 . . . . 1 3 3 . 2 . 5 1 3 . . . . 18 Communications Jammed 3 | . . . . . . . . . 1 . . . . . . 2 . . . . . . . . . . . . . . . . . . . . . . . . . . . . . . Distress Signals 2 | . . . . . . . . . 1 . . . . . . 1 . . . . . . . . . . . . . . . . . . . . . . . . . . . . . . Times Spotted 1444 | . 29 5 42 16 . 9 44 28 53 6 6 34 37 20 32 8 30 4 3 4 25 5 40 25 5 31 36 20 89 11 33 1 59 76 22 47 30 65 69 40 62 44 . 43 57 99 Peak Tracking Total 12 | . 7 2 5 7 . 4 4 4 7 4 6 6 6 4 7 4 5 2 2 1 4 2 5 5 2 5 6 4 10 6 7 1 12 7 5 11 5 11 5 6 5 5 1 9 5 7 Tactical Retreats 64 | . 1 . 2 . . . 6 4 4 . . . 2 1 2 . 1 1 . . 1 . 1 1 . 1 1 . 6 . 1 . 2 2 1 1 1 2 2 4 5 1 . 2 4 1 Traps | -11 -10 -10 -9 -9 -9 -8 -8 -8 -8 -7 -7 -7 -7 -7 -7 -7 -7 -6 -6 -6 -6 -6 -6 -5 -5 -5 -5 -4 -4 -4 -4 -3 -3 -3 -3 -3 -2 -2 -2 -2 -2 -2 -1 -1 -1 -1 ------- Run | Yrd Mat Min Mat Min Exi Min Mat Gar Sto Fac Was Fac Gar Fac Gar Fac Gar Fac Was Fac Gar Fac Gar Fac Was Fac Gar Fac Gar Fac Gar Res Gar Res Qua Gar Res Gar Res Tes Sec Gar Acc Gar Acc Com Traps Triggered 74 | . 2 . 1 . . . 2 4 1 2 . 3 6 2 1 . 3 1 . 3 1 . 2 1 . 1 3 . 4 . 2 . 1 1 2 3 2 10 2 . . 4 . 1 1 2 Indirectly . | . . . . . . . . . . . . . . . . . . . . . . . . . . . . . . . . . . . . . . . . . . . . . . . Trap Hack Attempts 1 | . 1 . . . . . . . . . . . . . . . . . . . . . . . . . . . . . . . . . . . . . . . . . . . . . Triggered . | . . . . . . . . . . . . . . . . . . . . . . . . . . . . . . . . . . . . . . . . . . . . . . . Disarmed . | . . . . . . . . . . . . . . . . . . . . . . . . . . . . . . . . . . . . . . . . . . . . . . . Reprogrammed 1 | . 1 . . . . . . . . . . . . . . . . . . . . . . . . . . . . . . . . . . . . . . . . . . . . . Reused . | . . . . . . . . . . . . . . . . . . . . . . . . . . . . . . . . . . . . . . . . . . . . . . . Traps Extracted . | . . . . . . . . . . . . . . . . . . . . . . . . . . . . . . . . . . . . . . . . . . . . . . . Installed . | . . . . . . . . . . . . . . . . . . . . . . . . . . . . . . . . . . . . . . . . . . . . . . . Triggered 1 | . . . . . . . . . . . . . . 1 . . . . . . . . . . . . . . . . . . . . . . . . . . . . . . . . Machines | -11 -10 -10 -9 -9 -9 -8 -8 -8 -8 -7 -7 -7 -7 -7 -7 -7 -7 -6 -6 -6 -6 -6 -6 -5 -5 -5 -5 -4 -4 -4 -4 -3 -3 -3 -3 -3 -2 -2 -2 -2 -2 -2 -1 -1 -1 -1 ---------- Run | Yrd Mat Min Mat Min Exi Min Mat Gar Sto Fac Was Fac Gar Fac Gar Fac Gar Fac Was Fac Gar Fac Gar Fac Was Fac Gar Fac Gar Fac Gar Res Gar Res Qua Gar Res Gar Res Tes Sec Gar Acc Gar Acc Com Machines Disabled 152 | . . . 3 . . 3 . 1 5 . . 1 4 2 2 1 4 1 . 2 6 5 8 5 . 3 4 2 4 2 4 . 8 1 5 6 3 9 5 8 17 4 . 6 4 4 Max in Single Turn 2 | . . . 1 . . 1 . 1 2 . . 1 1 1 1 . 1 1 . 1 1 . 1 1 . 1 1 1 1 2 1 . 1 1 1 1 1 1 1 1 1 1 . 1 1 1 Garrison Access 6 | . . . . . . . . . . . . . . . . . . . . . . . . 1 . . . . . . . . . 2 . . . . 3 . . . . . . . Garrison Relay 57 | . . . . . . . . 1 . . . . 2 . 2 . 3 . . . 5 . 5 . . . 5 . 4 . 4 . 5 . . 5 . 7 . . . 4 . 5 . . Machines Repaired . | . . . . . . . . . . . . . . . . . . . . . . . . . . . . . . . . . . . . . . . . . . . . . . . Machines Dismantled . | . . . . . . . . . . . . . . . . . . . . . . . . . . . . . . . . . . . . . . . . . . . . . . . Machines Sabotaged . | . . . . . . . . . . . . . . . . . . . . . . . . . . . . . . . . . . . . . . . . . . . . . . . Overloaded Fab Kills . | . . . . . . . . . . . . . . . . . . . . . . . . . . . . . . . . . . . . . . . . . . . . . . . Hacking | -11 -10 -10 -9 -9 -9 -8 -8 -8 -8 -7 -7 -7 -7 -7 -7 -7 -7 -6 -6 -6 -6 -6 -6 -5 -5 -5 -5 -4 -4 -4 -4 -3 -3 -3 -3 -3 -2 -2 -2 -2 -2 -2 -1 -1 -1 -1 --------- Run | Yrd Mat Min Mat Min Exi Min Mat Gar Sto Fac Was Fac Gar Fac Gar Fac Gar Fac Was Fac Gar Fac Gar Fac Was Fac Gar Fac Gar Fac Gar Res Gar Res Qua Gar Res Gar Res Tes Sec Gar Acc Gar Acc Com Machines Accessed 188 | . 7 . 12 . 2 . 11 5 7 2 . 7 2 10 1 2 3 1 . 2 3 1 3 3 . 7 2 5 2 4 3 1 3 5 11 2 7 2 12 12 10 1 3 3 . 9 Terminals 133 | . 5 . 9 . . . 9 5 5 1 . 3 2 6 1 1 3 1 . 1 3 . 3 2 . 4 2 2 2 2 3 . 3 4 8 2 5 2 6 9 8 1 1 3 . 6 Fabricators 11 | . . . . . . . . . . . . 1 . 2 . . . . . . . . . . . 1 . 2 . . . . . 1 . . . . 1 2 . . 1 . . . Repair Stations 15 | . 1 . 1 . . . 1 . 2 1 . 1 . 1 . . . . . . . . . . . 1 . . . 1 . . . . 1 . . . 2 . 1 . . . . 1 Recycling Units 4 | . 1 . 1 . . . . . . . . . . . . . . . . . . . . . . . . . . . . . . . . . . . . . . . . . . 2 Scanalyzers 4 | . . . 1 . . . . . . . . 1 . . . . . . . . . . . . . . . . . . . . . . 1 . 1 . . . . . . . . . Garrison Access 19 | . . . . . . . 1 . . . . 1 . 1 . 1 . . . 1 . 1 . 1 . 1 . 1 . 1 . 1 . . 1 . 1 . 3 1 1 . 1 . . . Total Hacks 428 | . 17 . 34 . 2 . 39 13 33 7 . 17 5 26 2 4 5 2 . 4 6 3 3 5 . 19 4 9 3 9 6 2 5 10 17 5 14 4 26 22 21 3 4 4 . 14 Successful 174 | . 9 . 20 . 2 . 20 4 19 1 . 7 1 8 1 1 1 . . 2 1 3 2 3 . 11 . 5 . 4 1 2 2 2 7 1 3 1 8 9 6 1 3 . . 3 Failed 253 | . 7 . 14 . . . 19 9 14 6 . 10 4 18 1 3 4 2 . 2 5 . 1 2 . 8 4 4 3 5 5 . 3 8 10 4 11 3 18 13 15 2 1 4 . 11 Catastrophic 64 | . . . 2 . . . 5 1 2 1 . 3 . 4 . . 1 . . 1 2 . 1 . . 2 1 2 1 4 2 . . 1 5 . 5 . 4 2 3 1 1 3 . 4 Database Lockouts 1 | . 1 . . . . . . . . . . . . . . . . . . . . . . . . . . . . . . . . . . . . . . . . . . . . . Manual 197 | . 10 . 23 . 1 . 27 . 18 3 . 2 . 19 . 3 . 2 . 2 . 1 . . . 10 . 2 . 6 . . . 8 9 . 9 . 13 6 12 1 . . . 10 Terminals 299 | . 11 . 29 . . . 35 13 21 3 . 4 5 19 2 3 5 2 . 1 6 . 3 3 . 7 4 2 3 5 6 . 5 9 11 5 9 4 14 15 18 3 1 4 . 9 Fabricators 20 | . . . . . . . . . . . . 2 . 4 . . . . . . . . . . . 3 . 4 . . . . . 1 . . . . 1 4 . . 1 . . . Repair Stations 50 | . 5 . 2 . . . 2 . 12 4 . 5 . 1 . . . . . . . . . . . 6 . . . 2 . . . . 2 . . . 7 . 1 . . . . 1 Recycling Units 6 | . 1 . 1 . . . . . . . . . . . . . . . . . . . . . . . . . . . . . . . . . . . . . . . . . . 4 Scanalyzers 9 | . . . 2 . . . . . . . . 5 . . . . . . . . . . . . . . . . . . . . . . 1 . 1 . . . . . . . . . Garrison Access 42 | . . . . . . . 2 . . . . 1 . 2 . 1 . . . 3 . 3 . 2 . 3 . 3 . 2 . 2 . . 3 . 4 . 4 3 2 . 2 . . . Terminal Hacks 60 | . 3 . 7 . 2 . 8 4 6 . . . 1 3 1 . 1 . . . 1 . 2 1 . 1 . . . 2 1 . 2 . 2 1 . 1 2 3 2 1 1 . . 1 Record 1 | . . . . . 1 . . . . . . . . . . . . . . . . . . . . . . . . . . . . . . . . . . . . . . . . . Robot Schematic 1 | . 1 . . . . . . . . . . . . . . . . . . . . . . . . . . . . . . . . . . . . . . . . . . . . . Robot Analysis 2 | . . . 2 . . . . . . . . . . . . . . . . . . . . . . . . . . . . . . . . . . . . . . . . . . . Prototype ID Bank 10 | . 1 . 4 . . . 2 . 1 . . . . . . . . . . . . . . . . . . . . . . . . . . . . . 1 1 . . . . . . Open Door 8 | . . . . . . . . 2 . . . . . . . . . . . . . . 1 . . . . . . . . . 1 . . 1 . . . 1 1 . . . . 1 Open DSF 1 | . . . . . . . . . . . . . . . . . . . . . . . . . . . . . . 1 . . . . . . . . . . . . . . . . Branch Access Points 1 | . . . . . . . . . . . . . . . . . . . . . . . . . . . . . . . . . . . . . . . 1 . . . . . . . Emergency Access Points 7 | . . . . . . . . . . . . . 1 . 1 . 1 . . . . . 1 . . . . . . . . . 1 . . . . 1 . . . 1 . . . . Machine Index 1 | . . . . . . . . . . . . . . . . . . . . . . . . . . . . . . . . . . . . . . . . 1 . . . . . . Terminal Index 3 | . . . . . . . 1 . 1 . . . . 1 . . . . . . . . . . . . . . . . . . . . . . . . . . . . . . . . Alert Level 2 | . . . 1 . . . 1 . . . . . . . . . . . . . . . . . . . . . . . . . . . . . . . . . . . . . . . Unreport Threat 12 | . . . . . . . 3 . 3 . . . . 2 . . . . . . . . . . . 1 . . . 1 . . . . . . . . . . 1 . 1 . . . Locate Traps 3 | . 1 . . . . . . . 1 . . . . . . . . . . . . . . 1 . . . . . . . . . . . . . . . . . . . . . . Patrol Status 1 | . . . . . . . . . . . . . . . . . . . . . . . . . . . . . . . . . . . 1 . . . . . . . . . . . Hauler Manifests 2 | . . . . . . . 1 . . . . . . . . . . . . . . . . . . . . . . . . . . . 1 . . . . . . . . . . . Garrison Registry 2 | . . . . . . . . 1 . . . . . . . . . . . . . . . . . . . . . . 1 . . . . . . . . . . . . . . . Security Stations 2 | . . . . . . . . 1 . . . . . . . . . . . . 1 . . . . . . . . . . . . . . . . . . . . . . . . . Derelict Proto ID Bank 1 | . . . . . 1 . . . . . . . . . . . . . . . . . . . . . . . . . . . . . . . . . . . . . . . . . Fabricator Hacks 7 | . . . . . . . . . . . . 1 . . . . . . . . . . . . . 2 . 2 . . . . . . . . . . . 2 . . . . . . Load Schematic 4 | . . . . . . . . . . . . 1 . . . . . . . . . . . . . 1 . 1 . . . . . . . . . . . 1 . . . . . . Build 3 | . . . . . . . . . . . . . . . . . . . . . . . . . . 1 . 1 . . . . . . . . . . . 1 . . . . . . Repair Station Hacks 25 | . 4 . 2 . . . 2 . 8 1 . 3 . . . . . . . . . . . . . 4 . . . . . . . . . . . . 1 . . . . . . . Scan Component 14 | . 2 . 1 . . . 1 . 4 1 . 2 . . . . . . . . . . . . . 2 . . . . . . . . . . . . 1 . . . . . . . Repair 11 | . 2 . 1 . . . 1 . 4 . . 1 . . . . . . . . . . . . . 2 . . . . . . . . . . . . . . . . . . . . Recycling Unit Hacks . | . . . . . . . . . . . . . . . . . . . . . . . . . . . . . . . . . . . . . . . . . . . . . . . Scanalyzer 6 | . . . 2 . . . . . . . . 2 . . . . . . . . . . . . . . . . . . . . . . 1 . 1 . . . . . . . . . Insert Component 4 | . . . 1 . . . . . . . . 1 . . . . . . . . . . . . . . . . . . . . . . 1 . 1 . . . . . . . . . Analyze 2 | . . . 1 . . . . . . . . 1 . . . . . . . . . . . . . . . . . . . . . . . . . . . . . . . . . . Garrison Access Hacks 27 | . . . . . . . 1 . . . . 1 . 1 . 1 . . . 1 . 2 . 2 . 2 . 2 . 1 . 2 . . 1 . 2 . 4 1 1 . 2 . . . Unlock Access 14 | . . . . . . . 1 . . . . 1 . 1 . 1 . . . 1 . 1 . . . 1 . 1 . 1 . 1 . . 1 . 1 . . . 1 . 1 . . . Seal Access 4 | . . . . . . . . . . . . . . . . . . . . . . . . 1 . . . . . . . . . . . . . . 3 . . . . . . . Coupler Status 9 | . . . . . . . . . . . . . . . . . . . . . . 1 . 1 . 1 . 1 . . . 1 . . . . 1 . 1 1 . . 1 . . . Unauthorized Hacks 49 | . 2 . 9 . . . 9 . 5 . . . . 4 . . . . . 1 . 1 . . . 2 . 1 . 1 . . . 2 3 . . . 1 3 3 . . . . 2 Terminals 33 | . 1 . 8 . . . 9 . 5 . . . . 2 . . . . . . . . . . . . . . . . . . . 2 2 . . . . 3 1 . . . . . Assimilate 3 | . . . 1 . . . . . . . . . . . . . . . . . . . . . . . . . . . . . . . . . . . . 1 1 . . . . . Botnet 10 | . 1 . 1 . . . 2 . 2 . . . . 1 . . . . . . . . . . . . . . . . . . . 1 1 . . . . 1 . . . . . . Operators 6 | . . . 1 . . . 1 . . . . . . 1 . . . . . . . . . . . . . . . . . . . 1 1 . . . . 1 . . . . . . Skim 14 | . . . 5 . . . 6 . 3 . . . . . . . . . . . . . . . . . . . . . . . . . . . . . . . . . . . . . Fabricators . | . . . . . . . . . . . . . . . . . . . . . . . . . . . . . . . . . . . . . . . . . . . . . . . Repair Stations 7 | . . . . . . . . . . . . . . 1 . . . . . . . . . . . 1 . . . 1 . . . . 1 . . . 1 . 1 . . . . 1 Mechanics 6 | . . . . . . . . . . . . . . 1 . . . . . . . . . . . 1 . . . 1 . . . . . . . . 1 . 1 . . . . 1 Patch 1 | . . . . . . . . . . . . . . . . . . . . . . . . . . . . . . . . . . . 1 . . . . . . . . . . . Recycling Units 3 | . 1 . 1 . . . . . . . . . . . . . . . . . . . . . . . . . . . . . . . . . . . . . . . . . . 1 Reject 1 | . . . . . . . . . . . . . . . . . . . . . . . . . . . . . . . . . . . . . . . . . . . . . . 1 Tunnel 2 | . 1 . 1 . . . . . . . . . . . . . . . . . . . . . . . . . . . . . . . . . . . . . . . . . . . Scanalyzers . | . . . . . . . . . . . . . . . . . . . . . . . . . . . . . . . . . . . . . . . . . . . . . . . Garrison Access 6 | . . . . . . . . . . . . . . 1 . . . . . 1 . 1 . . . 1 . 1 . . . . . . . . . . . . 1 . . . . . Restock 2 | . . . . . . . . . . . . . . 1 . . . . . 1 . . . . . . . . . . . . . . . . . . . . . . . . . . Eject 4 | . . . . . . . . . . . . . . . . . . . . . . 1 . . . 1 . 1 . . . . . . . . . . . . 1 . . . . . Data Cores Recovered 4 | . . . . . . . . . . . . . . . . . . . . 1 . . . . . 1 . . . . . . . . . . . . 1 . . . . . 1 . Used . | . . . . . . . . . . . . . . . . . . . . . . . . . . . . . . . . . . . . . . . . . . . . . . . Hacking Detections 157 | . 5 . 11 . . . 9 3 6 2 . 5 2 10 1 2 3 1 . 2 2 . 2 1 . 4 2 4 2 3 3 1 1 5 10 2 7 2 10 11 10 1 2 3 . 7 Full Trace Events 12 | . 1 . . . . . . . . . . . . . . 1 . . . . 1 . . . . . . . . . 1 . 1 . 1 . 1 1 1 3 . . . . . . Feedback Events 2 | . . . . . . . . . . . . . . . . . . . . . . . . . . . . . . . . . . . 1 . . 1 . . . . . . . . Corruption 2 | . . . . . . . . . . . . . . . . . . . . . . . . . . . . . . . . . . . 1 . . 1 . . . . . . . . Feedback Blocked . | . . . . . . . . . . . . . . . . . . . . . . . . . . . . . . . . . . . . . . . . . . . . . . . Robot Schematics Acquired 2 | . 1 . . . . . . . . . . . . . . . . . . . . . . . . . . . . . . . . . . . . . . 1 . . . . . . Robots Built 2 | . . . . . . . . . . . . . . . . . . . . . . . . . . . . 1 . . . . . . . . . . . 1 . . . . . . Authchips 2 | . . . . . . . . . . . . . . . . . . . . . . . . . . 1 . 1 . . . . . . . . . . . . . . . . . . Time 107 | . . . . . . . . . . . . . . . . . . . . . . . . . . 40 . 27 . . . . . . . . . . . 40 . . . . . . Total Robot Build Rating 2 | . . . . . . . . . . . . . . . . . . . . . . . . . . . . 1 . . . . . . . . . . . 1 . . . . . . Part Schematics Acquired 7 | . . . . . . . . . . . . . . . . . . . . . . . . . . . . . . . . . . . . . . . . 5 2 . . . . . Parts Built . | . . . . . . . . . . . . . . . . . . . . . . . . . . . . . . . . . . . . . . . . . . . . . . . Authchips . | . . . . . . . . . . . . . . . . . . . . . . . . . . . . . . . . . . . . . . . . . . . . . . . Time . | . . . . . . . . . . . . . . . . . . . . . . . . . . . . . . . . . . . . . . . . . . . . . . . Total Part Build Rating . | . . . . . . . . . . . . . . . . . . . . . . . . . . . . . . . . . . . . . . . . . . . . . . . Parts Repaired 11 | . 2 . 1 . . . 1 . 4 . . 1 . . . . . . . . . . . . . 2 . . . . . . . . . . . . . . . . . . . . Time 510 | . 52 . 38 . . . 51 . 195 . . 44 . . . . . . . . . . . . . 130 . . . . . . . . . . . . . . . . . . . . Parts Recycled . | . . . . . . . . . . . . . . . . . . . . . . . . . . . . . . . . . . . . . . . . . . . . . . . Recycled Matter . | . . . . . . . . . . . . . . . . . . . . . . . . . . . . . . . . . . . . . . . . . . . . . . . Retrieved Matter . | . . . . . . . . . . . . . . . . . . . . . . . . . . . . . . . . . . . . . . . . . . . . . . . Retrieved Components . | . . . . . . . . . . . . . . . . . . . . . . . . . . . . . . . . . . . . . . . . . . . . . . . Parts Scanalyzed 2 | . . . 1 . . . . . . . . 1 . . . . . . . . . . . . . . . . . . . . . . . . . . . . . . . . . . Part Schematics Acquired . | . . . . . . . . . . . . . . . . . . . . . . . . . . . . . . . . . . . . . . . . . . . . . . . Parts Damaged . | . . . . . . . . . . . . . . . . . . . . . . . . . . . . . . . . . . . . . . . . . . . . . . . Bothacking | -11 -10 -10 -9 -9 -9 -8 -8 -8 -8 -7 -7 -7 -7 -7 -7 -7 -7 -6 -6 -6 -6 -6 -6 -5 -5 -5 -5 -4 -4 -4 -4 -3 -3 -3 -3 -3 -2 -2 -2 -2 -2 -2 -1 -1 -1 -1 ------------ Run | Yrd Mat Min Mat Min Exi Min Mat Gar Sto Fac Was Fac Gar Fac Gar Fac Gar Fac Was Fac Gar Fac Gar Fac Was Fac Gar Fac Gar Fac Gar Res Gar Res Qua Gar Res Gar Res Tes Sec Gar Acc Gar Acc Com Used RIF Installer 16 | . . . . . . . . 1 . . . . 1 . 1 . 1 . . . 1 . 1 . . . 2 . 1 . 1 . 2 . . 1 . 1 . . . 1 . 1 . . Hotswap 1 | . . . . . . . . . . . . . . . . . . . . . . . . . . . . . . . . . . . . 1 . . . . . . . . . . Code Merge 2 | . . . . . . . . . . . . . . . . . . . . . . . . . . . . . . . . . 1 . . . . . . . . 1 . . . . Threat Obfuscator 3 | . . . . . . . . . . . . . . . . . 1 . . . . . . . . . . . . . 1 . 1 . . . . . . . . . . . . . Robot Detection 1 | . . . . . . . . . . . . . . . . . . . . . . . . . . . 1 . . . . . . . . . . . . . . . . . . . Watcher Feeds 1 | . . . . . . . . . . . . . . . . . . . . . . . . . . . . . 1 . . . . . . . . . . . . . . . . . Patrol Navigation 1 | . . . . . . . . . . . . . . . . . . . . . 1 . . . . . . . . . . . . . . . . . . . . . . . . . Alert ID Control 1 | . . . . . . . . . . . . . . . 1 . . . . . . . . . . . . . . . . . . . . . . . . . . . . . . . Structural Interface 1 | . . . . . . . . . . . . . 1 . . . . . . . . . . . . . . . . . . . . . . . . . . . . . . . . . Program Shield 1 | . . . . . . . . . . . . . . . . . . . . . . . 1 . . . . . . . . . . . . . . . . . . . . . . . Autooverride 3 | . . . . . . . . . . . . . . . . . . . . . . . . . . . 1 . . . . . . . . . . 1 . . . . . 1 . . Robots Hacked 413 | . . . . . . . . . . . . . . 8 3 1 10 . 6 . 4 1 7 4 6 10 11 10 11 4 12 . 26 33 10 16 14 24 34 14 19 27 . 17 34 37 Non-combat 57 | . . . . . . . . . . . . . . 4 . . . . . . . . . 2 . 1 . 3 . . . . . 7 3 . 4 . 10 . 3 . . . 14 6 Combat 356 | . . . . . . . . . . . . . . 4 3 1 10 . 6 . 4 1 7 2 6 9 11 7 11 4 12 . 26 26 7 16 10 24 24 14 16 27 . 17 20 31 Autooverrided 87 | . . . . . . . . . . . . . . . . . . . . . . . . . . . . 1 2 2 5 . 7 4 2 4 1 5 10 2 6 9 . 5 10 12 Robot Hacks Applied 374 | . . . . . . . . . . . . . . 10 3 1 11 . 7 . 4 1 7 4 6 11 12 11 10 3 7 . 20 29 8 13 16 21 32 13 19 20 . 13 31 31 parse_system 27 | . . . . . . . . . . . . . . 1 . . 2 . 1 . 1 . . . . . . 1 . . . . 2 1 . 2 . 2 5 . 1 3 . 2 3 . no_distress 3 | . . . . . . . . . . . . . . 1 . . . . . . . . . . . . . . . . . . . . . . . . . . 2 . . . . . find_chute 1 | . . . . . . . . . . . . . . . . . . . . . . . . 1 . . . . . . . . . . . . . . . . . . . . . . hold_bot 1 | . . . . . . . . . . . . . . . . . . . . . . . . . . . . . . . . . . . . . . . . . . . . . 1 . ignore_repairs 1 | . . . . . . . . . . . . . . . . . . . . . . . . . . . . . . . . . . . . . . . . . 1 . . . . . map_walls 5 | . . . . . . . . . . . . . . . . . . . . . . . . . . . . . . . . . . . . . . . . . . . . . 5 . find_fabricator 2 | . . . . . . . . . . . . . . . . . . . . . . . . . . . . . . . . . . . . . . . 2 . . . . . . . drop_inventory 17 | . . . . . . . . . . . . . . . . . . . . . . . . . . . . . . . . . . 4 2 . 3 . 6 . . . . . 2 . find_recycling 3 | . . . . . . . . . . . . . . 1 . . . . . . . . . . . . . . . . . . . . . . . . . . . . . . . 2 purge_threat 11 | . . . . . . . . . . . . . . 3 . . . . . . . . . . . 1 . 2 . . . . . . . . 1 . 2 . . . . . . 2 block_reporting 6 | . . . . . . . . . . . . . . . . . . . . . . . . . . . . . . . . . . . 1 . 1 . 3 . 1 . . . . . map_route 10 | . . . . . . . . . . . . . . . . . . . . . . . . . . . . . . . . . . . . . . . . . . . . . 8 2 disable_scanner 13 | . . . . . . . . . . . . . . . . . . . . . . . . . . . . . . . . . . . 2 . . . . 5 6 . . . . . locate_prototypes 1 | . . . . . . . . . . . . . . . . . . . . . . . . . . . . . . . . . . . . . . . . . 1 . . . . . ignore_targets 12 | . . . . . . . . . . . . . . . . . . . 6 . . . . . 6 . . . . . . . . . . . . . . . . . . . . . link_fov 1 | . . . . . . . . . . . . . . . . . . . . . . . . . . . . . . . . . . . . . . . . . . . . . 1 . scatter_targeting 4 | . . . . . . . . . . . . . . . . . . . . . . . . . . . . . . . . . . . . 1 . . 1 . . 2 . . . . mark_system 1 | . . . . . . . . . . . . . . . . . . . . . . . . . . . . . 1 . . . . . . . . . . . . . . . . . link_complan 1 | . . . . . . . . . . . . . . . . . . . . . . . . . . . . . . . . . . . . . . . . . . 1 . . . . disrupt_area 3 | . . . . . . . . . . . . . . . . . . . . . . . 1 . . . . . . . . . . . . . . . . . . 2 . . . . amplify_resonance 53 | . . . . . . . . . . . . . . . 1 . . . . . . . 1 1 . 2 3 . . . 3 . 8 4 . 4 . 8 2 2 1 4 . 3 1 5 wipe_record 1 | . . . . . . . . . . . . . . . . . . . . . . . . . . . . . . . . . . . . . . . . . 1 . . . . . disable_weapons 2 | . . . . . . . . . . . . . . . . . . . . . 1 . . . . . . . . . . . . . . . . . . . . . . . . 1 reboot_system 1 | . . . . . . . . . . . . . . . . . 1 . . . . . . . . . . . . . . . . . . . . . . . . . . . . . overwrite_iff 71 | . . . . . . . . . . . . . . 2 1 1 2 . . . . . 3 . . 2 6 . 1 2 1 . 7 10 . 1 1 7 1 5 1 3 . 6 5 3 streamctrl_high 1 | . . . . . . . . . . . . . . . . . . . . . . . . . . . . . . . . . . . . . . 1 . . . . . . . . formatsys_low 16 | . . . . . . . . . . . . . . 1 . . . . . . . . . 1 . 1 . 3 . . . . . 2 . . 1 . 2 . 2 . . . 1 2 formatsys_high 106 | . . . . . . . . . . . . . . 1 1 . 6 . . . 2 1 2 1 . 5 3 5 8 1 3 . 3 8 3 5 9 3 8 1 2 5 . 2 4 14 Relay Couplers Released 252 | . . . . . . . . 4 . . . . 9 . 8 . 13 . . 3 21 3 19 . . 3 20 3 15 . 16 . 21 2 . 22 . 34 2 . . 17 . 17 . . Ejected 9 | . . . . . . . . . . . . . . . . . . . . . . 3 . . . 3 . 3 . . . . . . . . . . . . . . . . . . Machine Destruction 237 | . . . . . . . . 4 . . . . 9 . 8 . 13 . . . 21 . 19 . . . 20 . 15 . 16 . 21 2 . 22 . 31 2 . . 17 . 17 . . Programmers 6 | . . . . . . . . . . . . . . . . . . . . 3 . . . . . . . . . . . . . . . . . 3 . . . . . . . . Attached 92 | . . . . . . . . . . . . . . 3 2 . 4 1 . . 4 1 6 2 . 4 8 3 6 2 6 . 10 4 3 5 1 6 1 . 2 3 . 3 . 2 Merged Code Value 480 | . . . . . . . . . . . . . . . . . . . . . . . . . . . . . . . . . 49 . . 48 . 121 . . . 29 . 233 . . Fabnet Peak Effective % . | . . . . . . . . . . . . . . . . . . . . . . . . . . . . . . . . . . . . . . . . . . . . . . . Robots Rewired 50 | . . . . . . . . 2 . . . . . . 3 . . . . . 2 . . . . . 3 . 6 . . . 10 . . 2 . 14 . . . . . 8 . . Allies Hacked 12 | . . . . . . . . . . . . . . . . . . . . . . 1 . . . . . 1 . . . . . 1 . . . 1 2 . 4 . . . . 2 Hacks Repelled . | . . . . . . . . . . . . . . . . . . . . . . . . . . . . . . . . . . . . . . . . . . . . . . . Allies | -11 -10 -10 -9 -9 -9 -8 -8 -8 -8 -7 -7 -7 -7 -7 -7 -7 -7 -6 -6 -6 -6 -6 -6 -5 -5 -5 -5 -4 -4 -4 -4 -3 -3 -3 -3 -3 -2 -2 -2 -2 -2 -2 -1 -1 -1 -1 -------- Run | Yrd Mat Min Mat Min Exi Min Mat Gar Sto Fac Was Fac Gar Fac Gar Fac Gar Fac Was Fac Gar Fac Gar Fac Was Fac Gar Fac Gar Fac Gar Res Gar Res Qua Gar Res Gar Res Tes Sec Gar Acc Gar Acc Com Total Allies 375 | . . . . 1 . . . 3 2 . . 3 2 6 7 1 8 . 20 . 4 1 9 2 . 8 14 10 19 4 11 . 29 24 5 12 11 30 20 9 13 19 . 23 18 27 Largest Group 20 | . . . . 1 1 1 . 2 2 . . 3 2 3 3 4 4 1 20 17 14 5 4 3 . 3 7 7 8 2 4 3 11 8 3 3 5 12 14 2 4 6 5 9 10 12 Highest-Rated Group 903 | . . . . 31 31 31 . 179 62 . . 93 175 131 200 216 200 32 734 609 512 348 324 241 . 111 435 385 417 93 199 189 600 396 192 244 320 808 903 364 507 380 322 508 584 841 Highest-Rated Ally 343 | . . . . 31 31 31 . 179 31 . . 31 95 95 95 95 95 32 50 46 148 148 148 132 . 41 95 95 95 49 80 80 116 64 64 116 69 148 116 343 343 80 80 80 160 216 Total Orders 58 | . . . . . . . . . . . . . . 1 . . . . . . 2 2 . 1 . . 2 3 1 . . . 2 7 . 1 2 4 2 1 4 3 . . 1 19 STAY 26 | . . . . . . . . . . . . . . . . . . . . . 1 1 . . . . 1 . . . . . 1 3 . 1 1 3 1 . 1 2 . . . 10 FOLLOW 13 | . . . . . . . . . . . . . . . . . . . . . 1 1 . . . . 1 . . . . . 1 1 . . 1 1 1 . 1 1 . . . 3 AID 19 | . . . . . . . . . . . . . . 1 . . . . . . . . . 1 . . . 3 1 . . . . 3 . . . . . 1 2 . . . 1 6 Ally Attacks 2360 | . . . . . . 11 . 15 17 . . 41 10 35 25 20 59 5 85 48 168 16 109 24 . 38 64 103 213 17 53 . 84 142 6 31 30 137 200 21 93 44 . 116 96 184 Total Damage 84114 | . . . . . . 110 . 248 267 . . 559 317 1794 743 644 1975 182 3875 945 4472 936 3770 1173 . 679 2183 3549 5122 388 1102 . 2951 5087 152 1322 1304 5350 8379 561 3842 1395 . 3859 3063 11816 Kills 475 | . . . . . . . . 4 2 . . 6 7 14 11 9 17 1 6 5 35 8 24 11 . 3 18 21 36 . 11 . 15 31 1 7 7 28 40 3 16 8 . 18 15 37 Allies Corrupted 31 | . . . . . . . . . . . . . . . . . . . 1 1 . . 1 . . . . . . 1 . . 2 4 . . 5 . 4 . 1 . . 3 1 7 Allies Melted 11 | . . . . . . . . . . . . . . . . . . . . . 1 . . . . . 1 1 1 . . . . 1 1 . . 1 1 . . 2 . . 1 . Intel | -11 -10 -10 -9 -9 -9 -8 -8 -8 -8 -7 -7 -7 -7 -7 -7 -7 -7 -6 -6 -6 -6 -6 -6 -5 -5 -5 -5 -4 -4 -4 -4 -3 -3 -3 -3 -3 -2 -2 -2 -2 -2 -2 -1 -1 -1 -1 ------- Run | Yrd Mat Min Mat Min Exi Min Mat Gar Sto Fac Was Fac Gar Fac Gar Fac Gar Fac Was Fac Gar Fac Gar Fac Was Fac Gar Fac Gar Fac Gar Res Gar Res Qua Gar Res Gar Res Tes Sec Gar Acc Gar Acc Com Robot Analysis Total 2 | . . . 2 . . . . . . . . . . . . . . . . . . . . . . . . . . . . . . . . . . . . . . . . . . . Derelict Logs Recovered . | . . . . . . . . . . . . . . . . . . . . . . . . . . . . . . . . . . . . . . . . . . . . . . . Drone Launches . | . . . . . . . . . . . . . . . . . . . . . . . . . . . . . . . . . . . . . . . . . . . . . . . Drone Recoveries . | . . . . . . . . . . . . . . . . . . . . . . . . . . . . . . . . . . . . . . . . . . . . . . . Exploration | -11 -10 -10 -9 -9 -9 -8 -8 -8 -8 -7 -7 -7 -7 -7 -7 -7 -7 -6 -6 -6 -6 -6 -6 -5 -5 -5 -5 -4 -4 -4 -4 -3 -3 -3 -3 -3 -2 -2 -2 -2 -2 -2 -1 -1 -1 -1 ------------- Run | Yrd Mat Min Mat Min Exi Min Mat Gar Sto Fac Was Fac Gar Fac Gar Fac Gar Fac Was Fac Gar Fac Gar Fac Was Fac Gar Fac Gar Fac Gar Res Gar Res Qua Gar Res Gar Res Tes Sec Gar Acc Gar Acc Com Turns Passed 67770 | 102 1360 462 1794 475 636 980 3698 1839 2648 513 115 1158 1142 1490 1720 663 1185 275 1062 476 1619 213 1605 724 122 1209 1875 1058 1711 430 1576 26 1770 2614 1017 1427 1530 2048 2929 2024 2815 1383 350 954 1422 9526 Spaces Moved 31049 | 58 606 244 784 266 289 410 1319 671 786 272 89 705 669 805 740 342 627 92 367 226 912 92 810 350 73 444 905 334 599 158 536 13 833 1400 578 584 783 887 1497 981 1319 683 86 562 825 4438 Core 2 | 2 . . . . . . . . . . . . . . . . . . . . . . . . . . . . . . . . . . . . . . . . . . . . . . Treads 28178 | 56 606 244 625 266 289 410 1319 671 786 103 . . 1 . 555 342 627 92 367 226 912 92 810 350 73 444 905 334 599 158 536 13 833 1400 578 584 783 887 1497 981 1290 683 86 562 812 4391 Legs 159 | . . . 159 . . . . . . . . . . . . . . . . . . . . . . . . . . . . . . . . . . . . . . . . . . . Wheels 2621 | . . . . . . . . . . 169 89 705 668 805 185 . . . . . . . . . . . . . . . . . . . . . . . . . . . . . . . Hover . | . . . . . . . . . . . . . . . . . . . . . . . . . . . . . . . . . . . . . . . . . . . . . . . Flight . | . . . . . . . . . . . . . . . . . . . . . . . . . . . . . . . . . . . . . . . . . . . . . . . Fastest Speed 50 | 50 160 160 120 160 160 160 160 233 225 115 100 100 86 160 160 160 160 160 160 160 160 160 160 160 160 160 160 160 160 160 240 155 155 150 150 145 145 145 145 150 138 138 135 135 135 135 Average Speed 170 | 156 160 165 157 160 218 219 237 233 236 164 110 105 137 164 196 160 165 236 160 160 160 160 160 160 160 189 164 238 237 228 248 184 171 152 150 197 158 186 171 169 175 148 135 135 135 135 Slowest Speed 640 | 160 160 240 260 160 240 400 243 233 240 240 115 115 640 175 320 160 240 240 160 160 160 160 160 160 160 240 240 240 240 240 250 250 250 160 150 225 225 225 225 237 218 215 135 135 135 215 Overloaded Moves . | . . . . . . . . . . . . . . . . . . . . . . . . . . . . . . . . . . . . . . . . . . . . . . . Propulsion Burnouts . | . . . . . . . . . . . . . . . . . . . . . . . . . . . . . . . . . . . . . . . . . . . . . . . Robots Hopped . | . . . . . . . . . . . . . . . . . . . . . . . . . . . . . . . . . . . . . . . . . . . . . . . Cave-ins Triggered 1 | . . . . . . . . . . . . . . . . . . . . . . . . . . . . . . . . . . . . . . . . . . . . . . 1 Microwarps 6 | . . . . . . . . . . . . . . . . . . . . . . . . . . . . . . . . . . . . . . . . . 2 . . . 1 3 Exploration Rate (%) 58 | 4 96 53 76 41 69 95 90 78 94 8 70 24 92 35 93 12 91 4 88 10 94 2 94 13 68 10 96 11 72 8 96 3 95 42 81 97 37 95 58 83 70 94 7 99 34 67 Regions Visited 46 Branch Regions 9 Pre-discovered Areas 9 | . 1 . 4 . 1 . 3 . . . . . . . . . . . . . . . . . . . . . . . . . . . . . . . . . . . . . . . Known Exits Taken 17 | . . . . . . . 1 . 1 . . 1 . 1 . 1 . . . 1 . 1 . . . 1 . 1 . 1 . 1 . 1 1 . 1 . 1 . 1 . 1 . . . Unknown Exits Taken 9 | 1 1 1 1 1 1 1 . . . . . . . . . . . . . . . . . . . . . . . . . . . . . . . . . 1 . . . . 1 . Scrap Searched 2 | . . . . . . 2 . . . . . . . . . . . . . . . . . . . . . . . . . . . . . . . . . . . . . . . . Spaces Dug 180 | . . . . 25 . . . . 4 2 . . . 1 . 1 1 . . . 2 2 . 4 . 1 5 . 9 5 13 . 1 7 8 5 19 1 16 12 10 1 . . 18 7 Terrain Destroyed 1413 | . . . 80 82 . 43 8 . 72 2 . 43 35 1 65 1 5 41 . . 8 2 36 43 . 34 18 2 224 47 44 . 17 34 13 19 40 81 33 41 58 38 . 19 42 42 Melee 5 | . . . . . . . . . 3 2 . . . . . . . . . . . . . . . . . . . . . . . . . . . . . . . . . . . . Projectile 562 | . . . 26 9 . 2 . . 24 . . 1 17 1 10 1 5 3 . . 8 2 8 9 . 11 18 2 7 9 14 . 9 34 13 19 40 15 33 23 48 38 . 19 42 42 AOE 846 | . . . 54 73 . 41 8 . 45 . . 42 18 . 55 . . 38 . . . . 28 34 . 23 . . 217 38 30 . 8 . . . . 66 . 18 10 . . . . . Terrain Rammed . | . . . . . . . . . . . . . . . . . . . . . . . . . . . . . . . . . . . . . . . . . . . . . . . Walls Destroyed . | . . . . . . . . . . . . . . . . . . . . . . . . . . . . . . . . . . . . . . . . . . . . . . . Machines Disabled . | . . . . . . . . . . . . . . . . . . . . . . . . . . . . . . . . . . . . . . . . . . . . . . . Actions | -11 -10 -10 -9 -9 -9 -8 -8 -8 -8 -7 -7 -7 -7 -7 -7 -7 -7 -6 -6 -6 -6 -6 -6 -5 -5 -5 -5 -4 -4 -4 -4 -3 -3 -3 -3 -3 -2 -2 -2 -2 -2 -2 -1 -1 -1 -1 --------- Run | Yrd Mat Min Mat Min Exi Min Mat Gar Sto Fac Was Fac Gar Fac Gar Fac Gar Fac Was Fac Gar Fac Gar Fac Was Fac Gar Fac Gar Fac Gar Res Gar Res Qua Gar Res Gar Res Tes Sec Gar Acc Gar Acc Com Total 43867 | 66 818 272 1180 289 293 452 1628 827 1237 317 105 936 856 922 907 458 743 139 833 326 1043 154 1046 473 78 745 1197 580 829 219 735 14 1122 1854 725 865 1068 1279 1858 1332 1821 1051 319 758 1133 7965 Wait 7557 | . 99 3 202 1 1 9 121 49 239 4 11 91 71 33 17 100 23 31 444 89 56 52 113 72 . 211 77 195 49 40 53 . 112 234 63 99 155 134 162 195 213 170 227 40 121 3076 Move 30931 | 58 605 243 783 265 288 409 1318 670 785 272 88 705 668 804 739 342 626 92 366 225 911 91 809 350 72 443 904 333 598 158 535 13 832 1399 578 583 783 886 1496 980 1292 682 86 561 812 4393 Hop . | . . . . . . . . . . . . . . . . . . . . . . . . . . . . . . . . . . . . . . . . . . . . . . . Pick Up 331 | 2 6 3 23 . 3 2 11 5 8 3 1 8 21 10 15 4 13 1 1 . 6 1 9 1 . 5 24 3 8 1 13 . 8 5 5 12 4 14 13 5 11 16 . 9 7 11 Fast Attach 210 | 6 3 . 14 . 1 1 10 1 4 8 . 17 7 1 6 . 3 . . 1 4 . 5 . . 4 10 1 3 . 7 1 8 4 7 9 8 5 4 6 11 2 . 1 2 25 Attach 220 | . 3 3 2 . . 2 3 . 10 . 3 4 10 7 15 1 9 5 1 . 2 1 7 2 . 6 11 5 7 3 8 . 6 7 4 7 1 4 5 11 11 5 3 2 4 20 Detach 149 | . . . 5 . . 1 2 . . 3 . 6 8 3 12 1 9 1 2 1 3 . 2 . . 1 10 2 4 1 3 . 4 4 4 6 2 5 1 13 11 1 . . . 18 Swap 313 | . 6 1 16 4 . 4 12 10 12 3 1 8 4 7 4 1 5 . . . 8 1 7 10 . 9 15 5 14 2 11 . 10 8 3 6 11 11 15 6 14 8 2 5 10 24 Drop 305 | . . . 30 . . 2 19 7 2 6 1 6 17 7 13 6 13 1 3 . 9 . 8 1 . . 17 3 4 . 8 . 8 7 1 11 11 7 19 7 12 8 1 4 4 22 Fire 3406 | . 94 19 98 14 . 18 120 57 155 . . 81 26 42 66 3 37 8 16 8 30 7 81 36 6 63 110 31 97 12 83 . 92 175 57 111 84 172 139 107 245 153 . 129 167 357 Melee 37 | . . . . . . . . 5 3 18 . 9 . . . . . . . . . . . . . . . . . . . . . . . . . . . . . . . . . 2 Ram 4 | . . . . . . . . . . . . 1 . . 3 . . . . . . . . . . . . . . . . . . . . . . . . . . . . . . . Kick . | . . . . . . . . . . . . . . . . . . . . . . . . . . . . . . . . . . . . . . . . . . . . . . . Crush 102 | . 1 . 7 5 . 4 12 . 19 . . . . . 2 . . . . 2 3 . 3 . . 1 . 1 1 2 3 . 1 7 1 . 5 . 3 2 1 1 . 1 5 9 Escape Stasis 86 | . . . . . . . . 8 . . . . 24 8 8 . 2 . . . 2 . . . . . . . 6 . 4 . . . . 2 . 20 . . . 2 . . . . Rewire 215 | . . . . . . . . 15 . . . . . . 7 . 3 . . . 9 1 2 1 . 2 19 1 38 . 7 . 41 4 2 19 4 21 1 . . 3 . 6 1 8 Trap 1 | . 1 . . . . . . . . . . . . . . . . . . . . . . . . . . . . . . . . . . . . . . . . . . . . . Miscellaneous . | . . . . . . . . . . . . . . . . . . . . . . . . . . . . . . . . . . . . . . . . . . . . . . . Route ------- -11/Scrapyard -10/Materials (discovered 5 exits: *Mat x3 / [*Min] / [*Sub]) -10/Mines -9/Materials (discovered 5 exits: *Mat x3 / [*Min x2]) -9/Mines (discovered 2 exits: *Mat / *Exi) -9/Exiles (discovered 2 exits: [*Min x2]) -8/Mines (discovered 2 exits: *Mat x2) -8/Materials (discovered 6 exits: *Fac x3 / *Sto x2 / Gar) -8/Garrison (discovered 3 exits: *Sto x3) -8/Storage -7/Factory (discovered 3 exits: Fac / Low x2) -7/Waste -7/Factory (discovered 2 exits: *Low / Gar) -7/Garrison (discovered 2 exits: *Fac x2) -7/Factory (discovered 3 exits: *Fac x2 / Gar) -7/Garrison (discovered 4 exits: *Fac x3 / *Fac) -7/Factory (discovered 2 exits: *Fac / Gar) -7/Garrison (discovered 2 exits: *Fac x2) -6/Factory -6/Waste -6/Factory -6/Garrison (discovered 3 exits: *Fac x3) -6/Factory -6/Garrison (discovered 3 exits: *Fac x3) -5/Factory -5/Waste -5/Factory -5/Garrison (discovered 3 exits: *Fac x3) -4/Factory -4/Garrison (discovered 2 exits: *Fac x2) -4/Factory (discovered 2 exits: [*Upp] / Gar) -4/Garrison (discovered 3 exits: *Res x3) -3/Research -3/Garrison (discovered 3 exits: *Res x3) -3/Research -3/Quarantine -3/Garrison (discovered 3 exits: *Res x3) -2/Research (discovered 3 exits: *Tes x2 / Gar) -2/Garrison (discovered 3 exits: *Res x3) -2/Research (discovered 2 exits: *Tes x2) -2/Testing (discovered 2 exits: *Acc / *Sec) -2/Section 7 -2/Garrison (discovered 3 exits: *Acc x3) -1/Access -1/Garrison (discovered 3 exits: [*Acc x3]) -1/Access (discovered 2 exits: [Sur] / *Com) -1/Command (discovered 2 exits: [*Sur x2]) 0b11 Command History --------- Turn | Location | Event 9 | -11/Scrapyard | Discovered new exit (range 16) 103 | -11/Scrapyard | Entered Materials 325 | -10/Materials | Build established: Mutant 369 | -10/Materials | Discovered new exit (range 12) 657 | -10/Materials | Discovered new exit (range 14) 812 | -10/Materials | Repaired Lgt. Treads 840 | -10/Materials | Repaired Lgt. Treads 923 | -10/Materials | Lost 3 parts (1p2w) 1104 | -10/Materials | Central database locked down 1260 | -10/Materials | Discovered new exit (range 15) 1362 | -10/Materials | Discovered new exit (range 16) 1412 | -10/Materials | Discovered new exit (range 9) 1463 | -10/Materials | Entered Mines 1688 | -10/Mines | Core integrity fell below 50% 1769 | -10/Mines | A weapon hastily lodged in a ceiling crevice suddenly fell to the ground 1872 | -10/Mines | Discovered new exit (range 6) 1925 | -10/Mines | Entered Materials 1925 | -9/Materials | Evolved 2 slots: Propulsion x1, Utility x1 2415 | -9/Materials | Discovered new exit (range 16) 2488 | -9/Materials | Learned location of 1 exit from Recycling 2518 | -9/Materials | Discovered new exit (range 13) 2556 | -9/Materials | Learned location of Zion (-7) 2583 | -9/Materials | Learned location of 1 exit from Recycling 2596 | -9/Materials | Learned location of 1 exit from Storage 2619 | -9/Materials | Learned Storage emergency access door positions 2690 | -9/Materials | Build established: Scavenger-Mutant 2727 | -9/Materials | Discovered new exit (range 3) 3189 | -9/Materials | Discovered new exit (range 15) 3453 | -9/Materials | Discovered new exit (range 15) 3517 | -9/Materials | Repaired Hvy. Particle Cannon 3719 | -9/Materials | Entered Mines 3760 | -9/Mines | Found a hidden stash of uninstalled traps 3830 | -9/Mines | Destroyed 8 combat bots 3858 | -9/Mines | Discovered new exit (range 7) 3942 | -9/Mines | Deemed a non-threat by the Exiles lab entrance 3943 | -9/Mines | Discovered new exit (range 5) 4011 | -9/Mines | Destroyed YI-UF0 4136 | -9/Mines | Met a Derelict testing a Signal Generator 4155 | -9/Mines | Build established: Mutant 4194 | -9/Mines | Entered Exiles 4194 | -9/Exiles | Accompanied by 1 ally 4218 | -9/Exiles | Discovered new exit (range 15) 4231 | -9/Exiles | Met 8R-AWN 4258 | -9/Exiles | Met EX-HEX 4354 | -9/Exiles | Met EX-DEC 4423 | -9/Exiles | Met EX-BIN 4457 | -9/Exiles | Aligned with FarCom system 4459 | -9/Exiles | Given EX-Vault access code 4517 | -9/Exiles | Opened EX-Vault 4529 | -9/Exiles | Found Modified TNC 4535 | -9/Exiles | Found Cloak of Protection 4548 | -9/Exiles | Found AWS/Gauss 4597 | -9/Exiles | Warned to stay clear of 0b10 Research branches 4801 | -9/Exiles | Discovered new exit (range 14) 4830 | -9/Exiles | Stole three prototypes: Modified TNC, Cloak of Protection, AWS/Gauss 4830 | -9/Exiles | Entered Mines 4830 | -8/Mines | Accompanied by 1 ally 5489 | -8/Mines | Discovered new exit (range 7) 5756 | -8/Mines | Discovered new exit (range 12) 5810 | -8/Mines | Entered Materials 5810 | -8/Materials | Evolved 2 slots: Utility x2 5811 | -8/Materials | Identified exit to Storage 6001 | -8/Materials | Met 7R-MNS 6179 | -8/Materials | Discovered exit to Storage (range 9) 6821 | -8/Materials | Discovered new exit (range 16) 7966 | -8/Materials | Discovered new exit (range 3) 8139 | -8/Materials | Learned Factory emergency access door positions 8152 | -8/Materials | Learned 4 Factory zone layouts 8153 | -8/Materials | Learned location of 1 exit from Extension 8155 | -8/Materials | Learned Factory garrison access intel 8665 | -8/Materials | Discovered new exit (range 4) 9363 | -8/Materials | Identified exit to Garrison 9444 | -8/Materials | Repaired Imp. Assault Rifle 9508 | -8/Materials | Entered Garrison 9606 | -8/Garrison | Triggered checkpoint 9759 | -8/Garrison | Garrison Relay disabled 9974 | -8/Garrison | Triggered checkpoint 9980 | -8/Garrison | Triggered checkpoint 10106 | -8/Garrison | Triggered checkpoint 10172 | -8/Garrison | Installed Relay Interface Framework 10238 | -8/Garrison | Discovered exit to Storage (range 12) 10449 | -8/Garrison | Discovered exit to Storage (range 10) 10502 | -8/Garrison | Triggered checkpoint 10680 | -8/Garrison | Triggered checkpoint 10794 | -8/Garrison | Discovered exit to Storage (range 61) 10794 | -8/Garrison | Discovered exit to Storage (range 12) 10794 | -8/Garrison | Discovered exit to Storage (range 43) 10830 | -8/Garrison | Triggered checkpoint 10868 | -8/Garrison | Learned Storage security intel 11103 | -8/Garrison | Rescued AZ-K3N 11347 | -8/Garrison | Entered Storage 11348 | -8/Storage | Identified exit to Factory 11621 | -8/Storage | Met a pair of Derelict thieves 12146 | -8/Storage | Core integrity fell below 50% 12532 | -8/Storage | Repaired Lgt. Angular Momentum Engine? 12609 | -8/Storage | Repaired Imp. Assault Rifle 13281 | -8/Storage | Repaired Hrd. Heavy Armor Plating 13332 | -8/Storage | Repaired Lgt. Angular Momentum Engine 13535 | -8/Storage | Build established: Scavenger-Mutant 13747 | -8/Storage | First assault squad dispatched 13880 | -8/Storage | Lost 3 parts (1p1n1u) 13995 | -8/Storage | Entered Factory 13995 | -7/Factory | Evolved 2 slots: Propulsion x1, Utility x1 13996 | -7/Factory | Identified exit to Lower Caves 13997 | -7/Factory | Identified exit to Factory 13997 | -7/Factory | FarCom data flow suspended 13999 | -7/Factory | Loaded intel: 4 garrison access locations 14109 | -7/Factory | Build established: Mutant 14508 | -7/Factory | Sucked down chute 14508 | -7/Factory | Entered Waste 14517 | -7/Waste | Spotted C-40 Crusher 14520 | -7/Waste | Spotted C-40 Crusher 14523 | -7/Waste | EMP discharged 14523 | -7/Waste | Spotted C-40 Crusher 14562 | -7/Waste | Spotted C-40 Crusher 14564 | -7/Waste | Spotted C-40 Crusher 14572 | -7/Waste | Spotted C-40 Crusher 14588 | -7/Waste | Crushed by Compactor (1 part destroyed, 1 dropped) 14588 | -7/Waste | Crushed by Compactor (1 part destroyed) 14608 | -7/Waste | Discovered new exit (range 10) 14619 | -7/Waste | Lost 3 parts (1p2u) 14623 | -7/Waste | EMP discharged 14623 | -7/Waste | System corruption reached 10% 14623 | -7/Waste | Entered Factory 14827 | -7/Factory | Repaired Imp. Shield Generator 14843 | -7/Factory | Allied Derelicts emerged from ambush trap array 15084 | -7/Factory | Discovered exit to Lower Caves (range 12) 15479 | -7/Factory | Garrison activated, responded to threat 15558 | -7/Factory | Destroyed 8 combat bots 15764 | -7/Factory | Lost 3 parts (1n2u) 15781 | -7/Factory | Identified exit to Garrison 15781 | -7/Factory | Entered Garrison 15853 | -7/Garrison | Triggered checkpoint 15871 | -7/Garrison | Garrison Relay disabled 15950 | -7/Garrison | Expanded RIF knowledge: Structural Interface 16027 | -7/Garrison | Triggered checkpoint 16028 | -7/Garrison | Triggered checkpoint 16034 | -7/Garrison | Triggered checkpoint 16113 | -7/Garrison | Destroyed 13 combat bots 16165 | -7/Garrison | Triggered checkpoint 16172 | -7/Garrison | Discovered new exit (range 12) 16173 | -7/Garrison | Build established: Bothacker-Mutant 16231 | -7/Garrison | Triggered checkpoint 16254 | -7/Garrison | AWS/Gauss suddenly broke down 16311 | -7/Garrison | Lost 3 parts (1n1u1w) 16463 | -7/Garrison | Triggered checkpoint 16525 | -7/Garrison | Found embedded Infiltrators 16783 | -7/Garrison | Discovered new exit (range 10) 16873 | -7/Garrison | Triggered checkpoint 16923 | -7/Garrison | Entered Factory 16923 | -7/Factory | Accompanied by 1 ally 17323 | -7/Factory | First assault squad dispatched 17349 | -7/Factory | Discovered exit to Factory (range 16) 17766 | -7/Factory | Core integrity fell below 50% 18278 | -7/Factory | Discovered exit to Factory (range 9) 18388 | -7/Factory | Identified exit to Garrison 18406 | -7/Factory | Garrison activated, responded to threat 18413 | -7/Factory | Entered Garrison 18449 | -7/Garrison | Triggered checkpoint 18536 | -7/Garrison | AWS/Gauss suddenly broke down 18542 | -7/Garrison | Triggered checkpoint 18544 | -7/Garrison | Triggered checkpoint 18610 | -7/Garrison | Destroyed 9 combat bots 18686 | -7/Garrison | Discovered exit to Factory (range 4) 18721 | -7/Garrison | Triggered checkpoint 18901 | -7/Garrison | Triggered checkpoint 18939 | -7/Garrison | Discovered new exit (range 3) 19061 | -7/Garrison | Triggered checkpoint 19121 | -7/Garrison | Triggered checkpoint 19332 | -7/Garrison | Discovered exit to Factory (range 12) 19353 | -7/Garrison | Expanded RIF knowledge: Alert ID Control 19391 | -7/Garrison | Triggered checkpoint 19889 | -7/Garrison | Triggered checkpoint 19905 | -7/Garrison | Found embedded Infiltrators 19908 | -7/Garrison | Garrison Relay disabled 19968 | -7/Garrison | Discovered exit to Factory (range 7) 20090 | -7/Garrison | Garrison Relay disabled 20133 | -7/Garrison | Entered Factory 20133 | -7/Factory | Accompanied by 3 allies 20188 | -7/Factory | Discovered exit to Factory (range 8) 20700 | -7/Factory | Identified exit to Garrison 20796 | -7/Factory | Entered Garrison 20796 | -7/Garrison | Accompanied by 3 allies 20864 | -7/Garrison | Triggered checkpoint 21126 | -7/Garrison | Triggered checkpoint 21154 | -7/Garrison | Triggered checkpoint 21159 | -7/Garrison | Triggered checkpoint 21198 | -7/Garrison | Lost 4 allies 21230 | -7/Garrison | Triggered checkpoint 21274 | -7/Garrison | Triggered checkpoint 21293 | -7/Garrison | Garrison Relay disabled 21505 | -7/Garrison | Expanded RIF knowledge: Threat Obfuscation 21583 | -7/Garrison | Discovered exit to Factory (range 2) 21618 | -7/Garrison | Triggered checkpoint 21650 | -7/Garrison | Garrison Relay disabled 21694 | -7/Garrison | Found Unknown Protection 21694 | -7/Garrison | Identified Hvy. Reactive Plating 21699 | -7/Garrison | Found Hvy. Reactive Plating 21791 | -7/Garrison | Build established: Botlord-Mutant 21812 | -7/Garrison | Triggered checkpoint 21877 | -7/Garrison | Garrison Relay disabled 21943 | -7/Garrison | Discovered exit to Factory (range 15) 21981 | -7/Garrison | Entered Factory 21981 | -6/Factory | Accompanied by 1 ally 21981 | -6/Factory | Evolved 2 slots: Utility x2 22041 | -6/Factory | Discovered new exit (range 16) 22256 | -6/Factory | Sucked down chute 22256 | -6/Factory | Entered Waste 22256 | -6/Waste | Met up with 1 ally sucked down the chute earlier 22309 | -6/Waste | Spotted C-40 Crusher 22337 | -6/Waste | Spotted C-40 Crusher 22366 | -6/Waste | Spotted C-40 Crusher 22370 | -6/Waste | Spotted C-40 Crusher 22372 | -6/Waste | Spotted C-40 Crusher 22377 | -6/Waste | Spotted C-40 Crusher 22400 | -6/Waste | Allies destroyed C-40 Crusher 22403 | -6/Waste | Allies destroyed C-40 Crusher 22498 | -6/Waste | Discovered new exit (range 11) 22537 | -6/Waste | Allies destroyed C-40 Crusher 23108 | -6/Waste | Warlord forces began an assault 23115 | -6/Waste | Allies destroyed C-40 Crusher 23318 | -6/Waste | Entered Factory 23318 | -6/Factory | Accompanied by 17 allies 23667 | -6/Factory | Identified exit to Garrison 23794 | -6/Factory | Entered Garrison 23794 | -6/Garrison | Accompanied by 14 allies 23850 | -6/Garrison | Triggered checkpoint 23914 | -6/Garrison | Garrison Relay disabled 23978 | -6/Garrison | Triggered checkpoint 23986 | -6/Garrison | Triggered checkpoint 23989 | -6/Garrison | Triggered checkpoint 23989 | -6/Garrison | Triggered checkpoint 24029 | -6/Garrison | Lost 3 allies 24147 | -6/Garrison | Garrison Relay disabled 24165 | -6/Garrison | Discovered new exit (range 10) 24172 | -6/Garrison | Triggered checkpoint 24192 | -6/Garrison | Garrison Relay disabled 24309 | -6/Garrison | Lost 4 allies 24366 | -6/Garrison | Rewired B-86 Titan 24388 | -6/Garrison | Rewired B-90 Cyclops 24674 | -6/Garrison | Expanded RIF knowledge: Patrol Navigation 24702 | -6/Garrison | Discovered new exit (range 4) 24742 | -6/Garrison | Triggered checkpoint 24801 | -6/Garrison | Found Adv. Powered Armor 24892 | -6/Garrison | Garrison Relay disabled 25174 | -6/Garrison | Learned Factory security intel 25206 | -6/Garrison | Triggered checkpoint 25270 | -6/Garrison | Garrison Relay disabled 25389 | -6/Garrison | Discovered new exit (range 10) 25413 | -6/Garrison | Entered Factory 25413 | -6/Factory | Accompanied by 5 allies 25479 | -6/Factory | Garrison activated, responded to threat 25514 | -6/Factory | Identified exit to Garrison 25626 | -6/Factory | Entered Garrison 25626 | -6/Garrison | Accompanied by 4 allies 25788 | -6/Garrison | Triggered checkpoint 25838 | -6/Garrison | Garrison Relay disabled 25928 | -6/Garrison | Spotted B-75 Beast 25959 | -6/Garrison | Destroyed B-75 Beast 25980 | -6/Garrison | Triggered checkpoint 26094 | -6/Garrison | Triggered checkpoint 26108 | -6/Garrison | Triggered checkpoint 26168 | -6/Garrison | Discovered new exit (range 9) 26235 | -6/Garrison | Garrison Relay disabled 26250 | -6/Garrison | Triggered checkpoint 26257 | -6/Garrison | Expanded RIF knowledge: Program Shield 26430 | -6/Garrison | Rescued a captive Derelict 26435 | -6/Garrison | Rescued a captive Derelict 26473 | -6/Garrison | Discovered new exit (range 10) 26482 | -6/Garrison | Triggered checkpoint 26510 | -6/Garrison | Garrison Relay disabled 26611 | -6/Garrison | Found Relay Coupler [Proto] 26614 | -6/Garrison | Found Relay Coupler [Proto] 26790 | -6/Garrison | Triggered checkpoint 26812 | -6/Garrison | Garrison Relay disabled 26919 | -6/Garrison | Garrison Relay disabled 26944 | -6/Garrison | Found embedded Infiltrators 26976 | -6/Garrison | Discovered new exit (range 9) 26983 | -6/Garrison | Spotted B-75 Beast 26983 | -6/Garrison | Spotted B-75 Beast 27002 | -6/Garrison | Allies destroyed B-75 Beast 27021 | -6/Garrison | Destroyed B-75 Beast 27231 | -6/Garrison | Entered Factory 27231 | -5/Factory | Accompanied by 3 allies 27231 | -5/Factory | Evolved 2 slots: Power x1, Utility x1 27519 | -5/Factory | P-70 Sage assimilated allied 17-JQV(x) 27531 | -5/Factory | First assault squad dispatched 27955 | -5/Factory | Sucked down chute 27955 | -5/Factory | Entered Waste 27970 | -5/Waste | EMP discharged 27970 | -5/Waste | System corruption reached 10% 27970 | -5/Waste | Spotted C-40 Crusher 27980 | -5/Waste | Spotted C-40 Crusher 27986 | -5/Waste | Spotted C-40 Crusher 28003 | -5/Waste | Spotted C-40 Crusher 28003 | -5/Waste | Spotted C-40 Crusher 28007 | -5/Waste | Spotted C-40 Crusher 28061 | -5/Waste | Discovered new exit (range 10) 28070 | -5/Waste | EMP discharged 28077 | -5/Waste | Entered Factory 28137 | -5/Factory | Garrison activated, responded to threat 28674 | -5/Factory | Repaired Imp. Heavy Treads? 29201 | -5/Factory | Repaired Nova Cannon 29265 | -5/Factory | Identified exit to Garrison 29286 | -5/Factory | Entered Garrison 29310 | -5/Garrison | Triggered checkpoint 29330 | -5/Garrison | Garrison Relay disabled 29490 | -5/Garrison | Triggered checkpoint 29620 | -5/Garrison | Triggered checkpoint 29695 | -5/Garrison | Spotted B-75 Beast 29704 | -5/Garrison | Assimilated Beast 6a with formatsys_high 29764 | -5/Garrison | Triggered checkpoint 29819 | -5/Garrison | Discovered new exit (range 10) 29860 | -5/Garrison | Triggered checkpoint 29916 | -5/Garrison | Triggered checkpoint 29932 | -5/Garrison | Garrison Relay disabled 30126 | -5/Garrison | Triggered checkpoint 30140 | -5/Garrison | Garrison Relay disabled 30218 | -5/Garrison | Triggered checkpoint 30325 | -5/Garrison | Spotted B-75 Beast 30337 | -5/Garrison | Allies destroyed B-75 Beast 30425 | -5/Garrison | Discovered new exit (range 5) 30600 | -5/Garrison | Triggered checkpoint 30606 | -5/Garrison | Garrison Relay disabled 30829 | -5/Garrison | Found embedded Infiltrators 30870 | -5/Garrison | Expanded RIF knowledge: Robot Detection 30901 | -5/Garrison | Garrison Relay disabled 30957 | -5/Garrison | Expanded RIF knowledge: Autooverride 30970 | -5/Garrison | Discovered new exit (range 10) 31161 | -5/Garrison | Entered Factory 31161 | -4/Factory | Accompanied by 6 allies 31161 | -4/Factory | Evolved 2 slots: Utility x2 31202 | -4/Factory | Fabricated M-13 Machinist (x1) 31825 | -4/Factory | Garrison activated, responded to threat 32199 | -4/Factory | Garrison activated, responded to threat 32211 | -4/Factory | Identified exit to Garrison 32219 | -4/Factory | Entered Garrison 32219 | -4/Garrison | Accompanied by 5 allies 32315 | -4/Garrison | Triggered checkpoint 32325 | -4/Garrison | Found embedded Infiltrators 32345 | -4/Garrison | Garrison Relay disabled 32663 | -4/Garrison | Lost 5 allies 32685 | -4/Garrison | Triggered checkpoint 32770 | -4/Garrison | Expanded RIF knowledge: Watcher Feeds 32834 | -4/Garrison | Lost 4 allies 32873 | -4/Garrison | Triggered checkpoint 32931 | -4/Garrison | Garrison Relay disabled 33069 | -4/Garrison | Discovered new exit (range 12) 33230 | -4/Garrison | Discovered new exit (range 11) 33258 | -4/Garrison | Assembled breached garrison interior 33338 | -4/Garrison | Garrison Relay disabled 33408 | -4/Garrison | Garrison Relay disabled 33590 | -4/Garrison | Lost 6 allies 33610 | -4/Garrison | System corruption reached 10% 33667 | -4/Garrison | Destroyed 26 combat bots 33930 | -4/Garrison | Entered Factory 33930 | -4/Factory | Accompanied by 1 ally 34057 | -4/Factory | Garrison activated, responded to threat 34094 | -4/Factory | Lost 3 allies 34215 | -4/Factory | First assault squad dispatched 34334 | -4/Factory | Discovered new exit (range 12) 34360 | -4/Factory | Identified exit to Garrison 34360 | -4/Factory | Entered Garrison 34416 | -4/Garrison | Triggered checkpoint 34478 | -4/Garrison | Garrison Relay disabled 34675 | -4/Garrison | Spotted Executioner 34675 | -4/Garrison | Spotted Executioner 34826 | -4/Garrison | Triggered checkpoint 34834 | -4/Garrison | Triggered checkpoint 34874 | -4/Garrison | Triggered checkpoint 35042 | -4/Garrison | Discovered new exit (range 13) 35068 | -4/Garrison | Expanded RIF knowledge: Threat Obfuscation 35138 | -4/Garrison | Triggered checkpoint 35182 | -4/Garrison | Garrison Relay disabled 35303 | -4/Garrison | Triggered checkpoint 35369 | -4/Garrison | Discovered new exit (range 10) 35390 | -4/Garrison | Triggered checkpoint 35435 | -4/Garrison | Garrison Relay disabled 35473 | -4/Garrison | Discovered new exit (range 77) 35473 | -4/Garrison | Discovered new exit (range 23) 35473 | -4/Garrison | Discovered new exit (range 25) 35523 | -4/Garrison | Found embedded Infiltrators 35782 | -4/Garrison | Triggered checkpoint 35813 | -4/Garrison | Garrison Relay disabled 35936 | -4/Garrison | Entered Research 35936 | -3/Research | Accompanied by 3 allies 35936 | -3/Research | Evolved 2 slots: Propulsion x1, Utility x1 35962 | -3/Research | Identified exit to Garrison 35962 | -3/Research | Entered Garrison 35962 | -3/Garrison | Accompanied by 3 allies 35973 | -3/Garrison | Spotted B-90 Cyclops 35987 | -3/Garrison | Allies destroyed B-90 Cyclops 36024 | -3/Garrison | Rewired B-86 Titan 36053 | -3/Garrison | Found Gamma Bomb Array 36114 | -3/Garrison | Triggered checkpoint 36116 | -3/Garrison | Triggered checkpoint 36126 | -3/Garrison | Triggered checkpoint 36130 | -3/Garrison | Triggered checkpoint 36170 | -3/Garrison | Lost 11 allies 36306 | -3/Garrison | Garrison Relay disabled 36629 | -3/Garrison | Garrison Relay disabled 36699 | -3/Garrison | Discovered new exit (range 15) 36727 | -3/Garrison | Rescued a captive Derelict 36737 | -3/Garrison | Rescued a captive Derelict 36849 | -3/Garrison | Lost 4 allies 36955 | -3/Garrison | Discovered new exit (range 11) 37027 | -3/Garrison | Expanded RIF knowledge: Code Merge 37059 | -3/Garrison | Garrison Relay disabled 37255 | -3/Garrison | Discovered new exit (range 11) 37421 | -3/Garrison | Expanded RIF knowledge: Threat Obfuscation 37506 | -3/Garrison | Triggered checkpoint 37565 | -3/Garrison | Lost 3 allies 37578 | -3/Garrison | Triggered checkpoint 37622 | -3/Garrison | Garrison Relay disabled 37732 | -3/Garrison | Entered Research 37732 | -3/Research | Accompanied by 7 allies 37795 | -3/Research | Found Quantum Capacitor 38144 | -3/Research | Lost 3 allies 38365 | -3/Research | Lost 6 allies 38565 | -3/Research | Garrison activated, responded to threat 38993 | -3/Research | Found Prototype Processor 38993 | -3/Research | Identified Exp. Melee Analysis Suite 39155 | -3/Research | System corruption reached 10% 39422 | -3/Research | Discovered new exit (range 5) 40328 | -3/Research | Identified exit to Quarantine 40346 | -3/Research | Entered Quarantine 40405 | -3/Quarantine | Found Prototype Processor 40405 | -3/Quarantine | Identified Exp. Signal Interpreter 40533 | -3/Quarantine | Found Exp. Terrain Scanner 40900 | -3/Quarantine | Found Alien Artifact 41096 | -3/Quarantine | Identified Subatomic Replicator 41142 | -3/Quarantine | Found Hvy. Reflective Plating 41201 | -3/Quarantine | Found Alien Artifact 41363 | -3/Quarantine | Identified exit to Garrison 41363 | -3/Quarantine | Entered Garrison 41416 | -3/Garrison | Expanded RIF knowledge: Hotswap 41434 | -3/Garrison | Triggered checkpoint 41456 | -3/Garrison | Garrison Relay disabled 41567 | -3/Garrison | Spotted B-86 Titan 41567 | -3/Garrison | Triggered checkpoint 41577 | -3/Garrison | Assimilated Titan 8b with formatsys_high 41605 | -3/Garrison | Triggered checkpoint 41625 | -3/Garrison | Triggered checkpoint 41678 | -3/Garrison | Garrison Relay disabled 41691 | -3/Garrison | Triggered checkpoint 41718 | -3/Garrison | Garrison Relay disabled 41778 | -3/Garrison | Discovered new exit (range 9) 41814 | -3/Garrison | Spotted B-86 Titan 41844 | -3/Garrison | Destroyed B-86 Titan 42021 | -3/Garrison | Triggered checkpoint 42064 | -3/Garrison | Lost 3 allies 42116 | -3/Garrison | Garrison Relay disabled 42216 | -3/Garrison | Discovered new exit (range 15) 42432 | -3/Garrison | Garrison Relay disabled 42580 | -3/Garrison | Found Relay Coupler [Proto] 42629 | -3/Garrison | Discovered new exit (range 11) 42720 | -3/Garrison | Triggered checkpoint 42790 | -3/Garrison | Entered Research 42790 | -2/Research | Accompanied by 3 allies 42790 | -2/Research | Evolved 2 slots: Power x1, Utility x1 42826 | -2/Research | Found Quantum Capacitor 43625 | -2/Research | Spotted B-90 Cyclops 43639 | -2/Research | Allies destroyed B-90 Cyclops 43653 | -2/Research | Discovered new exit (range 4) 43666 | -2/Research | Lost 4 allies 43724 | -2/Research | Lost 3 allies 43813 | -2/Research | Identified Phase Redirector 43979 | -2/Research | Discovered new exit (range 34) 44016 | -2/Research | Found Hellfire Missile Launcher 44318 | -2/Research | Identified exit to Garrison 44320 | -2/Research | Entered Garrison 44320 | -2/Garrison | Accompanied by 2 allies 44418 | -2/Garrison | Triggered checkpoint 44439 | -2/Garrison | Garrison Relay disabled 44610 | -2/Garrison | Spotted B-90 Cyclops 44665 | -2/Garrison | Lost 7 allies 44671 | -2/Garrison | Hijacked Cyclops 9a control node with streamctrl_high 44716 | -2/Garrison | Destroyed Cyclops 9a 44764 | -2/Garrison | Triggered checkpoint 44786 | -2/Garrison | Triggered checkpoint 44787 | -2/Garrison | Garrison Relay disabled 44860 | -2/Garrison | Destroyed 10 combat bots 44912 | -2/Garrison | Triggered checkpoint 45000 | -2/Garrison | Garrison Relay disabled 45029 | -2/Garrison | Spotted Executioner 45029 | -2/Garrison | Spotted Striker 45038 | -2/Garrison | Destroyed Executioner 45048 | -2/Garrison | Destroyed Striker 45062 | -2/Garrison | Rewired Striker 45075 | -2/Garrison | Rewired Striker 45083 | -2/Garrison | Found Prototype Device 45083 | -2/Garrison | Identified Adv. Kinecellerator 45129 | -2/Garrison | Discovered new exit (range 12) 45134 | -2/Garrison | Triggered checkpoint 45170 | -2/Garrison | Triggered checkpoint 45179 | -2/Garrison | Garrison Relay disabled 45409 | -2/Garrison | Expanded RIF knowledge: Autooverride 45421 | -2/Garrison | Garrison Relay disabled 45603 | -2/Garrison | Discovered new exit (range 11) 45616 | -2/Garrison | Triggered checkpoint 45654 | -2/Garrison | Triggered checkpoint 45658 | -2/Garrison | Garrison Relay disabled 46010 | -2/Garrison | Triggered checkpoint 46055 | -2/Garrison | Garrison Relay disabled 46109 | -2/Garrison | Discovered new exit (range 10) 46199 | -2/Garrison | Spotted B-75 Beast 46215 | -2/Garrison | Allies destroyed B-75 Beast 46246 | -2/Garrison | Rewired B-86 Titan 46274 | -2/Garrison | Rewired B-86 Titan 46368 | -2/Garrison | Entered Research 46368 | -2/Research | Accompanied by 12 allies 47622 | -2/Research | Lost 5 allies 48675 | -2/Research | Identified exit to Testing 48760 | -2/Research | Spotted B-90 Cyclops 49297 | -2/Research | Entered Testing 49297 | -2/Testing | Accompanied by 1 ally 49409 | -2/Testing | Found Prototype Protection 49473 | -2/Testing | Lost 3 allies 49499 | -2/Testing | Garrison activated, responded to threat 49695 | -2/Testing | Found Prototype Energy Cannon 49695 | -2/Testing | Identified Cld. Nova Cannon 49788 | -2/Testing | Identified SHELL Armor 49807 | -2/Testing | Fabricated M-13 Machinist (x1) 49844 | -2/Testing | Destroyed 7 combat bots 49916 | -2/Testing | Found Prototype Energy Cannon 49916 | -2/Testing | Identified Null Cannon 50203 | -2/Testing | Discovered new exit (range 15) 50552 | -2/Testing | Found Prototype Hackware 50615 | -2/Testing | Found Prototype Processor 50615 | -2/Testing | Identified Exp. Core Analyzer 51143 | -2/Testing | Spotted Fortress 51158 | -2/Testing | Assimilated Fortress with formatsys_high 51301 | -2/Testing | Discovered new exit (range 6) 51321 | -2/Testing | Entered Section 7 51321 | -2/Section 7 | Accompanied by 2 allies 51430 | -2/Section 7 | Found Alien Artifact 51434 | -2/Section 7 | Identified Microwarp Drive 51738 | -2/Section 7 | Spotted S7 Guard 51775 | -2/Section 7 | Allies destroyed S7 Guard 51806 | -2/Section 7 | Found Alien Artifact 51826 | -2/Section 7 | Installed Integrated Thermoelectric Network, gained heat-energy exchange potential 51852 | -2/Section 7 | P-80 Master assimilated allied Smith 9a 52125 | -2/Section 7 | Found Alien Artifact 52125 | -2/Section 7 | Identified Spacefold Activator 52676 | -2/Section 7 | Found Alien Artifact 52676 | -2/Section 7 | Identified Integrity Redistributor 52676 | -2/Section 7 | Used Integrity Redistributor, redistributed integrity from core (-107) 52823 | -2/Section 7 | Spotted Executioner 52835 | -2/Section 7 | Destroyed Executioner 52868 | -2/Section 7 | Found Exp. Core Analyzer 53120 | -2/Section 7 | System corruption reached 10% 53145 | -2/Section 7 | Spotted B-99 Colossus 53188 | -2/Section 7 | Destroyed B-99 Colossus 53235 | -2/Section 7 | Scanned by Researcher 53236 | -2/Section 7 | Intercept squad dispatched 53247 | -2/Section 7 | Found Integrity Redistributor 53250 | -2/Section 7 | Found Integrity Redistributor 53254 | -2/Section 7 | Spotted Tracker 53256 | -2/Section 7 | Core integrity fell below 50% 53256 | -2/Section 7 | Spotted Tracker 53257 | -2/Section 7 | Destroyed Tracker 53259 | -2/Section 7 | Destroyed Tracker 53295 | -2/Section 7 | Spotted Combat Programmer 53302 | -2/Section 7 | Destroyed Combat Programmer 53315 | -2/Section 7 | Spotted Combat Programmer 53343 | -2/Section 7 | Found Alien Artifact 53343 | -2/Section 7 | Identified LRC Storage 53343 | -2/Section 7 | Installed LRC Storage, increased inventory capacity (+2) 53346 | -2/Section 7 | Found LRC Storage 53346 | -2/Section 7 | Installed LRC Storage, increased inventory capacity (+2) 53368 | -2/Section 7 | Intercept squad dispatched 53385 | -2/Section 7 | Spotted Tracker 53386 | -2/Section 7 | Spotted Tracker 53395 | -2/Section 7 | Destroyed Tracker 53400 | -2/Section 7 | Destroyed Tracker 53417 | -2/Section 7 | Spotted Combat Programmer 53434 | -2/Section 7 | Destroyed Combat Programmer 53436 | -2/Section 7 | Spotted Combat Programmer 53442 | -2/Section 7 | Destroyed Combat Programmer 53783 | -2/Section 7 | Found Exp. Focal Shield 53884 | -2/Section 7 | Found Integrity Redistributor 53924 | -2/Section 7 | Spotted B-90 Cyclops 53931 | -2/Section 7 | Intercept squad dispatched 53937 | -2/Section 7 | Spotted Tracker 53939 | -2/Section 7 | Spotted Tracker 53947 | -2/Section 7 | Destroyed Tracker 53948 | -2/Section 7 | Spotted Combat Programmer 53948 | -2/Section 7 | Destroyed Tracker 53953 | -2/Section 7 | Spotted Combat Programmer 53990 | -2/Section 7 | Destroyed Combat Programmer 53994 | -2/Section 7 | Destroyed Combat Programmer 54136 | -2/Section 7 | Identified exit to Garrison 54136 | -2/Section 7 | Entered Garrison 54258 | -2/Garrison | Garrison Relay disabled 54262 | -2/Garrison | Triggered checkpoint 54372 | -2/Garrison | Found Unknown Device 54372 | -2/Garrison | Identified Adv. Force Booster 54654 | -2/Garrison | Triggered checkpoint 54672 | -2/Garrison | Spotted B-90 Cyclops 54689 | -2/Garrison | Destroyed B-90 Cyclops 54726 | -2/Garrison | Triggered checkpoint 54732 | -2/Garrison | Triggered checkpoint 54737 | -2/Garrison | Triggered checkpoint 54777 | -2/Garrison | Discovered new exit (range 10) 54796 | -2/Garrison | Triggered checkpoint 54799 | -2/Garrison | Garrison Relay disabled 54988 | -2/Garrison | Triggered checkpoint 54997 | -2/Garrison | Garrison Relay disabled 55066 | -2/Garrison | Triggered checkpoint 55113 | -2/Garrison | Expanded RIF knowledge: Code Merge 55191 | -2/Garrison | Discovered new exit (range 13) 55355 | -2/Garrison | Found embedded Infiltrators 55362 | -2/Garrison | Triggered checkpoint 55373 | -2/Garrison | Garrison Relay disabled 55474 | -2/Garrison | Triggered checkpoint 55488 | -2/Garrison | Discovered new exit (range 11) 55519 | -2/Garrison | Entered Access 55519 | -1/Access | Accompanied by 5 allies 55519 | -1/Access | Evolved 2 slots: Propulsion x1, Utility x1 55523 | -1/Access | Used Integrity Redistributor, redistributed integrity from core (-276) 55642 | -1/Access | Identified exit to Garrison 55869 | -1/Access | Entered Garrison 55869 | -1/Garrison | Accompanied by 5 allies 55877 | -1/Garrison | Triggered checkpoint 55982 | -1/Garrison | Lost 3 allies 56017 | -1/Garrison | Garrison Relay disabled 56094 | -1/Garrison | Spotted B-99 Colossus 56115 | -1/Garrison | Triggered checkpoint 56126 | -1/Garrison | Destroyed B-99 Colossus 56154 | -1/Garrison | Lost 4 allies 56176 | -1/Garrison | Triggered checkpoint 56192 | -1/Garrison | Destroyed 7 combat bots 56227 | -1/Garrison | Discovered new exit (range 14) 56284 | -1/Garrison | Garrison Relay disabled 56301 | -1/Garrison | Triggered checkpoint 56320 | -1/Garrison | Rescued a captive Derelict 56329 | -1/Garrison | Rescued a captive Derelict 56351 | -1/Garrison | Triggered checkpoint 56394 | -1/Garrison | Triggered checkpoint 56407 | -1/Garrison | Garrison Relay disabled 56423 | -1/Garrison | Garrison Relay disabled 56444 | -1/Garrison | Discovered new exit (range 11) 56606 | -1/Garrison | Lost 4 allies 56726 | -1/Garrison | Garrison Relay disabled 56735 | -1/Garrison | Triggered checkpoint 56757 | -1/Garrison | Expanded RIF knowledge: Autooverride 56789 | -1/Garrison | Discovered new exit (range 11) 56823 | -1/Garrison | Entered Access 56823 | -1/Access | Accompanied by 8 allies 56976 | -1/Access | Garrison activated, responded to threat 57127 | -1/Access | Discovered new exit (range 28) 57142 | -1/Access | Spotted B-99 Colossus 57298 | -1/Access | Intercept squad dispatched 57326 | -1/Access | Spotted Tracker 57330 | -1/Access | Destroyed Tracker 57331 | -1/Access | Spotted Tracker 57334 | -1/Access | Destroyed Tracker 57351 | -1/Access | Spotted Combat Programmer 57373 | -1/Access | Destroyed Combat Programmer 57394 | -1/Access | Spotted Combat Programmer 57399 | -1/Access | Destroyed Combat Programmer 57944 | -1/Access | Spotted B-99 Colossus 58236 | -1/Access | Discovered new exit (range 8) 58245 | -1/Access | Entered Command 58503 | -1/Command | Lost 3 allies 58713 | -1/Command | Found Quantum Capacitor 58813 | -1/Command | Spotted B-99 Colossus 58825 | -1/Command | Destroyed B-99 Colossus 59680 | -1/Command | Found Quantum Capacitor 62333 | -1/Command | Used Integrity Redistributor, redistributed integrity from core (-397) 62334 | -1/Command | Core integrity fell below 50% 64962 | -1/Command | Spotted B-99 Colossus 65082 | -1/Command | Destroyed B-99 Colossus 65092 | -1/Command | Found Prototype Ballistic Gun 65111 | -1/Command | Lost 3 parts (2u1w) 65765 | -1/Command | Spotted M Guard 65767 | -1/Command | Spotted M Guard 65770 | -1/Command | Spotted Combat Programmer 65770 | -1/Command | Spotted Combat Programmer 65802 | -1/Command | Destroyed Combat Programmer 65808 | -1/Command | Destroyed Combat Programmer 65964 | -1/Command | Assimilated M Guard with formatsys_high 65980 | -1/Command | Destroyed M Guard 66274 | -1/Command | Met MAIN.C 66275 | -1/Command | System corruption reached 10% 66278 | -1/Command | 0b10 Conduit disabled 66279 | -1/Command | Core integrity fell below 20% 66290 | -1/Command | Allies destroyed MAIN.C Shell 66291 | -1/Command | MAIN.C activated Command garrisons 66317 | -1/Command | Destroyed MAIN.C 66335 | -1/Command | Identified Multirail 66335 | -1/Command | Discovered new exit (range 39) 66335 | -1/Command | Discovered new exit (range 96) 66335 | -1/Command | Extracted map data and part IDs from MAIN.C's data core 66347 | -1/Command | Lost 3 allies 66518 | -1/Command | All MAIN.C guards destroyed 66549 | -1/Command | Lost 7 allies 66731 | -1/Command | Crushed by falling debris 66762 | -1/Command | Lost 3 parts (1p2u) 67689 | -1/Command | Found Vortex Chain Reactor 67699 | -1/Command | Found Exp. System Purifier 67707 | -1/Command | Used Integrity Redistributor, redistributed integrity to core (+493) 67771 | *** | Establishing 0b11! Last Messages --------------- 67018_ System corrupted: Matter fused (-8). 67177_ System corrupted: Energy discharge (-263). 67240_ System corrupted: Matter fused (-8). 67264_ DE2I5LNHAO#IITX:LGOW D:G8 67286_ System corrupted: Component data lost. 67317_ System corrupted: Energy discharge (-212). 67419_ System corrupted: Matter fused (-6). 67441_ KULJ8KAXX4VCFELE2CEYCBTANA>OI9HMEE Map ----- +----------------------------------------------------+ | ????????????????????# # ######### "##? | | ????????????############+##+#### ##########"" ##? | | ############# #??# # #]]] =#? | | # #??# + != #]][ [ =#? | | # #??# # [= #!!! =#? | | # ##+#### # # !!* = #? | | " "" # # # # #########? | | "" """" + # # # [ #????????? | | "" """" = # ||| # # # #????????? | | " "" ## ||| # # ##+####????????? | | ## || # # #???????????? | | * ## # # #???????????? | | ####+"######## # # #???????????? | | # # # #???????????? | | # !!= + # #???????????? | | !! # !! # # #???????????? | | !* # !! # # #???????????? | | ! # # # #???????????? | | % * # ####### #???????????? | | #####+######## #???????????? | | ^ ## %#??????########## ####???????????? | | ## #???????????????# ########+#######????????? | | !## #???????????????# #???# #????????? | | ## #???????????????# ###?# ! #????????? | | ## ##??????????????# #?# #????????? | | ### #??????????????# @ #?# #????????? | | #??????????????# #?# #????????? | | #??????????????######?# #????????? | | ### #???????############### #?######## | | ??## "######### # #?# ##???? | | #### " ^+ ########+###?##"##### | | # " # #?????# #??### """" | | #= # "" # "" ####### #??#?# " | | #%*# """ # """" # # #??#?# """" | | + %# "T # """" + # ##?#?# """" | | # %+ """ + "" # # %="#?#?#" " | | # # !"" # # # %"#?#?#" | | # # ]%* # # # "#?#?#"" " | | ####= # ![[% # # + ##?#?# " " | | %!### ###### # # #??#?# " | | ################"############# #??#?# " | | #### *%= #??#?#"""" | | #??# ###############= #??#?#" | | #??# # #????# #??#?# | | #??# # #????# ####?# ! | | #??# # "" ###### # ####=% = | | #??# # """" # = =% | | #??# # """" + ]!! ! | | #??# # "" # !% | | #??# # # #####"########+### ###### "" | +----------------------------------------------------+ Best States ------------- Heat Dissipation 144 Coolant Potential 220 Energy Generation 96 Energy Capacity 950 Matter Stores 300 Matter Capacity 300 Sight Range 23 Terrain Scan Range 30 Terrain Scan Density 10 Jamming Range 14 Cloak Strength 5 Power Amplification 30 Corruption Containment 12 Armor Coverage 2000 Resistance: KI 40 Resistance: TH 25 Utility Shielding 66 Weapon Cycling 25 Melee Speed Boost 20 Phase Shifting 15 Evasion (%) 55 Targeting Accuracy 8 Melee Accuracy 6 Target Analysis 8 Core Analysis 8 Recoil Reduction 6 Particle Charging 25 Offensive Hacking 14 Defensive Hacking 10 Relay Coupler Types 7 Relay Coupler Value 342 Authchip Count 1 Item Schematics ----------------- Hvy. Tesla Rifle | -2/Testing | Archive Exp. Coolant Injector | -2/Testing | Archive Com. Mass Driver | -2/Testing | Archive Com. Particle Reactor | -2/Testing | Archive Adv. Gravity Neutralizer | -2/Testing | Archive Cld. Linear Gravjet | -2/Section 7 | Archive Cld. Phase Gun | -2/Section 7 | Archive Robot Schematics ------------------ M-13 Machinist | -10/Materials | Hacked C-57 Dissector | -2/Testing | Archive Fabricated ------------ M-13 Machinist | x1 | -4/Factory | Authchip M-13 Machinist | x1 | -2/Testing Alien Tech Used ----------------- Phase Redirector Microwarp Drive Integrated Thermoelectric Network Spacefold Activator Integrity Redistributor LRC Storage Achievements -------------- None Challenges ------------ None Game ------ Seed EnergyArmorFemtoactuators Manual? 0 Play Time 07:25:39 Cumulative 564.3 hours Start 2025.01.04 @ 19:10:24 End 2025.01.07 @ 09:53:53 Sessions 15 Manual Loads 0 Difficulty Rogue Special Mode None Game No. 324 Rogue 324 Adventurer 0 Explorer 0 Win Type 1 Total 44 Types 29/4/5/1/1/0/2/1/1 Lore% 88 Gallery% 86 Achievement% 86 Wizard Run 0 Options --------- Layout 0 ASCII 0 Keyboard 1 Movement Numpad Keybinds 0 Fullscreen 2 Font 18/SmallcapsGlow Map View 76x50 Zoom Use 0% Tactical HUD 1 Map Filters NONE Filters NONE Steam 1 RUN: 0a6fc316-8c24-4877-b8e7-3cebb6cbf94b